 Dungeon Crawl Stone Soup version 0.29.0-4-gdea44cf6ec (webtiles) character file.

Game seed: 12953359758384277521

428666 qw the Slayer (level 22, -1/226 HPs)
             Began as a Minotaur Berserker on Sept 7, 2022.
             Was an Elder of Trog.
             Killed from afar by a red draconian scorcher (28 damage)
             ... with damnation
             ... on level 1 of the Realm of Zot.
             The game lasted 00:21:42 (59324 turns).

qw the Slayer (Minotaur Berserker)                 Turns: 59324, Time: 00:21:43

Health: -1/226     AC: 42    Str: 32    XL:     22   Next: 48%
Magic:  21/21      EV: 12    Int:  7    God:    Trog [****..]
Gold:   0          SH: 26    Dex: 11    Spells: 21/21 levels left

rFire   + + +      SeeInvis +   l - +5 broad axe "Komanit" {flame, Drain rN+ Int+7}
rCold   + . .      Faith    .   A - +0 tower shield
rNeg    + . .      Spirit   .   z - +8 plate armour {rPois}
rPois   +          Reflect  +   (helmet restricted)
rElec   +          Harm     .   b - +2 cloak
rCorr   +          Rampage  .   G - +2 pair of gloves of the Dungeon {Fly rF+++ Will- Regen+}
Will    ++...                   y - +2 pair of boots of the Prince of Darkness {rCorr Slay+3}
Stlth   ..........              j - amulet of reflection
HPRegen 1.27/turn               C - ring "Juloont" {Fly rElec rC+ Str+5}
MPRegen 0.17/turn               D - ring "Wuohiriv" {rPois Will++ Str-5 SInv Stlth+}

@: about to teleport, on berserk cooldown, flying, slowed, very slow
A: horns 2, retaliatory headbutt, iridescent scales 1, dopey 2
}: 3/15 runes: barnacled, silver, gossamer
a: Renounce Religion, Berserk, Trog's Hand, Brothers in Arms


You were on level 1 of the Realm of Zot.
You worshipped Trog.
Trog was greatly pleased with you.
You visited 8 branches of the dungeon, and saw 40 of its levels.
You visited the Abyss 2 times.
You also visited: Ossuary.

You collected 4366 gold pieces.
You spent 4366 gold pieces at shops.


Innate Abilities, Weirdness & Mutations

You have a pair of horns on your head.
You reflexively headbutt those who attack you in melee.
You are partially covered in iridescent scales. (AC +2)
You are very dopey. (Int -4)


   Skills:
 - Level 25.0 Fighting
 - Level 19.0 Axes
 - Level 15.1 Throwing
 + Level 23.1 Armour
 - Level 12.1 Dodging
 - Level 22.4 Shields


You had 21 spell levels left.
You didn't know any spells.
Your spell library was empty.

Inventory:

Hand Weapons
 l - the +5 broad axe "Komanit" (weapon) {flame, Drain rN+ Int+7}
   (You bought it in a shop on level 2 of the Orcish Mines)

   It burns those it strikes, dealing additional fire damage.
   Big, fiery blades are also staple armaments of hydra-hunters.
   Int:       It affects your intelligence (+7).
   rN:        It protects you from negative energy.
   Drain:     It drains your maximum health when unequipped.
Missiles
 m - 41 boomerangs
 q - 7 silver javelins (quivered)
Armour
 b - a +2 cloak (worn)
 c - a +10 plate armour of ponderousness
 s - a scarf of resistance
 w - +0 gold dragon scales
 y - the +2 pair of boots of the Prince of Darkness (worn) {rCorr Slay+3}
   (You found it on level 4 of the Spider Nest)

   Slay:      It affects your accuracy & damage with ranged weapons and melee
   (+3).
   rCorr:     It protects you from acid and corrosion.
 z - a +8 plate armour of poison resistance (worn)
 A - a +0 tower shield (worn)
 G - the +2 pair of gloves of the Dungeon (worn) {Fly rF+++ Will- Regen+}
   (You found it on level 1 of the Depths)

   rF:        It renders you almost immune to fire.
   Fly:       It grants you flight.
   Regen:     It increases your rate of health regeneration.
   Will:      It decreases your willpower.
Jewellery
 j - an amulet of reflection (around neck)
 t - a ring of protection from fire
 x - a +4 ring of evasion
 C - the ring "Juloont" (left hand) {Fly rElec rC+ Str+5}
   (You found it on level 4 of the Spider Nest)

   [ring of flight]

   Str:       It affects your strength (+5).
   rC:        It protects you from cold.
   rElec:     It insulates you from electricity.
   Fly:       It grants you flight.
 D - the ring "Wuohiriv" (right hand) {rPois Will++ Str-5 SInv Stlth+}
   (You bought it in a shop on level 5 of the Vaults)

   [ring of see invisible]

   Str:       It affects your strength (-5).
   rPois:     It protects you from poison.
   SInv:      It lets you see invisible.
   Will:      It greatly increases your willpower.
   Stlth:     It makes you more stealthy.
 E - a ring of protection from fire
 Y - a +4 ring of protection
Scrolls
 a - 9 scrolls of teleportation
 e - 14 scrolls of identify
 r - 4 scrolls of enchant weapon
 u - 2 scrolls of brand weapon
Potions
 f - 3 potions of cancellation
 g - 21 potions of curing
 h - 7 potions of might
 i - 6 potions of haste
 k - 13 potions of heal wounds
 o - 7 potions of mutation
 B - 3 potions of resistance

Dungeon Overview and Level Annotations

Branches:
Dungeon (15/15)            Temple (0/1) D:7            Lair (5/5) D:11
 Shoals (4/4) Lair:3       Spider (4/4) Lair:3        Slime (0/5) Lair:4
    Orc (2/2) D:9             Elf (0/3) Orc:2        Vaults (5/5) D:13
  Crypt (0/3) Vaults:3     Depths (4/4) D:15            Zot (1/5) Depths:4
Ossuary (visited)

Altars:
Ashenzari
Cheibriados
Dithmenos
Elyvilon
Gozag
Hepliaklqana
Kikubaaqudgha
Okawaru
Vehumet
Wu Jian
Xom
Yredelemnul
Zin
Jiyva

Shops:
D:5 *   Orc:2 [(!=   Shoals:1 (   Shoals:3 *(!=!   Vaults:3 :   Vaults:4 (
Vaults:5 ?==?   Depths:1 [=:=

Portals:
Hell: Depths:1 Depths:2 Depths:3 Depths:4
Abyss: Depths:1 Depths:3
Pandemonium: Depths:2 Depths:4
Ziggurat: Depths:2

Annotations:
D:3 3 runed translucent doors, qw's ghost, amateur BaCK
D:10 1 runed translucent door
Lair:5 3 runed translucent doors, qw's ghost, journeyman MiBe
Shoals:2 3 runed translucent doors, qw's ghost, adept MiBe
Spider:1 2 transporters
Vaults:4 2 runed translucent doors, qw's ghost, veteran GrFi
Depths:2 2 runed translucent doors


Message History

You burn the green draconian. You headbutt the green draconian!!
The green draconian is heavily wounded.
You feel sick.
You hear a roar!
You barely miss the green draconian. You headbutt the green draconian.
The green draconian is heavily wounded.
The orb of fire glows red.
The bolt of fire hits you! You resist.
You block the green draconian's attack. x2
You hit the green draconian. You burn the green draconian.
The green draconian is severely wounded.
You feel sick.
The orb of fire glows red.
Strange energies course through your body.
Iridescent scales grow over part of your body.
You slice the green draconian!! You burn the green draconian.
The green draconian is almost dead.
You are no longer berserk.
You are exhausted.
You feel yourself slow down.
You feel sick.
You are no longer poisoned.
You block the green draconian's attack. x2
The orb of fire glows deep purple.
The fireball explodes!
The fireball engulfs you! You resist.
The fireball engulfs the green draconian!!!!
The green draconian dies!
You hear a roar! x3
59323 ||| Stepping ~*~*~tactically~*~*~ (hiding).
The orb of fire glows yellow.
Strange energies course through your body.
You feel stupid.
A red draconian scorcher comes into view.
It is wielding a +0 rapier.
Things that are here:
a +5 long sword; a green draconian corpse
59324 ||| READING 10 scrolls of teleportation.
As you read the scroll of teleportation, it crumbles to dust.
You feel strangely unstable.
You feel the Orb delaying your translocation!
The red draconian scorcher casts a spell at you.
The sphere of damnation explodes!
The damnation engulfs you!!
You die...

.....# ###....#
###......##
###.........##
##............##
.........).)...##
.......000.)....#
.......0.))).....#
.......@.0..#.....
##.##..0.#...#....
......####...#..(
.....## ##.....
..q## #..## #..
#.# # .#


You could see a red draconian scorcher.

Vanquished Creatures
  An ancient lich (Vaults:5)
  2 dread liches
  An orb of fire (Zot:1)
  Mennas (Depths:3)
  2 caustic shrikes (Depths:3)
  2 golden dragons
  Nikola (Shoals:1)
  Arachne (Spider:4)
  A tentacled monstrosity (Depths:3)
  A walking earthen tome (Depths:3)
  Rupert (D:13)
  A lich (Depths:4)
  A quicksilver dragon (Depths:3)
  5 sphinxes
  2 titans (Vaults:5)
  5 storm dragons
  5 tengu reavers
  10 shadow dragons
  Kirke (Lair:5)
  2 draconian knights
  Donald (Spider:4)
  7 fire giants
  4 emperor scorpions
  12 frost giants
  2 draconian scorchers (Zot:1)
  Aizul (Spider:3)
  A cacodemon (Depths:4)
  2 draconian shifters (Zot:1)
  Louise (D:14)
  21 vault wardens
  2 ghost moths
  13 stone giants
  12 ironbound preservers
  16 very ugly things
  2 war gargoyles (Vaults:4)
  6 broodmothers (Spider:4)
  7 ironbound thunderhulks
  2 vampire knights
  A broodmother (shapeshifter) (Vaults:5)
  2 green draconians (Zot:1)
  Nessos (D:13)
  5 dire elephants
  11 spark wasps
  2 purple draconians
  2 white draconians
  Azrael (Spider:1)
  7 entropy weavers
  2 red draconians (Depths:4)
  A deep elf annihilator (Vaults:5)
  Snorg (D:13)
  2 merfolk javelineers (Shoals:4)
  A blizzard demon (Depths:4)
  6 yaktaur captains
  5 ettins
  6 fire dragons
  7 great orbs of eyes
  10 merfolk impalers
  Josephine (Orc:1)
  An ice dragon (Depths:4)
  3 deep elf high priests
  Erolcha (Orc:2)
  10 boulder beetles
  2 peacekeepers (Vaults:4)
  4 rakshasas
  A hydra (shapeshifter) (D:15)
  4 spriggan air magi
  6 hydras
  46 vault guards
  3 merfolk avatars
  4 two-headed ogres
  9 ironbound frosthearts
  A death knight (D:13)
  18 centaur warriors
  2 ogre magi
  3 radroaches
  8 deep troll shamans
  2 satyrs (Shoals:3)
  A merfolk aquamancer (Shoals:4)
  5 death yaks
  9 tengu warriors
  An alligator snapping turtle (Shoals:4)
  14 deep troll earth magi
  Urug (D:13)
  7 spriggan berserkers
  3 vampire magi
  A sun demon (Depths:2)
  13 hell knights
  11 iron trolls
  2 pharaoh ants (Spider:3)
  9 skeletal warriors
  2 sun moths
  12 sea snakes
  5 orb spiders
  A glowing orange brain (shapeshifter) (Vaults:2)
  2 glowing orange brains
  5 steelbarb worms
  A shadow demon (Depths:2)
  A steelbarb worm (shapeshifter) (Vaults:5)
  24 deep trolls
  5 harpies
  6 lindwurms
  25 ironbound convokers
  10 wizards
  23 wolf spiders
  4 phantasmal warriors
  5 necromancers
  7 orc sorcerers
  4 orc knights
  A frost giant zombie (Vaults:3)
  An iron dragon zombie (Depths:3)
  6 cyclopes
  25 ugly things
  A deep elf pyromancer (D:13)
  2 tengu zombies
  12 fauns
  A will-o-the-wisp (Abyss:2)
  A guardian serpent (shapeshifter) (D:15)
  13 manticores
  A moth of wrath (shapeshifter) (Depths:3)
  10 elephants
  4 orange demons (Depths:2)
  4 moths of wrath
  21 vault sentinels
  6 black mambas
  A gargoyle (D:12)
  2 rust devils
  4 merfolk sirens
  12 cane toads
  10 water nymphs
  9 torpor snails
  A rime drake (shapeshifter) (D:14)
  6 demonic crawlers
  A kobold demonologist (D:11)
  An efreet (D:15)
  22 yaktaurs
  2 hellwings
  3 rime drakes (Lair:5)
  2 freezing wraiths (D:13)
  11 komodo dragons
  2 tengu conjurers
  A yaktaur (shapeshifter) (Vaults:5)
  5 red devils
  6 trolls
  A spark wasp simulacrum (Depths:3)
  2 ice devils (Depths:2)
  A golden dragon simulacrum (Depths:3)
  2 meliai
  21 merfolk
  A polar bear (Vaults:4)
  8 wind drakes
  10 hornets
  A wolf spider simulacrum (D:14)
  31 tarantellas
  34 slime creatures
  6 snapping turtles
  A slime creature (shapeshifter) (Vaults:5)
  31 jumping spiders
  17 blink frogs
  8 dream sheep
  2 spriggans (shapeshifter)
  15 water elementals
  17 culicivoras
  2 ynoxinuls
  3 spriggans
  7 air elementals (Shoals:4)
  33 yaks
  6 wyverns
  3 basilisks
  A shadow (D:12)
  15 humans (D:13)
  3 hogs (Lair:5)
  5 wraiths
  35 redbacks
  A yaktaur simulacrum (Vaults:3)
  2 vampire mosquitoes (D:11)
  4 wargs
  An acid dragon (D:9)
  2 hell hounds (Spider:1)
  9 water moccasins
  A floating eye (Depths:1)
  A meliai simulacrum (D:15)
  3 black bears
  16 orc warriors
  2 ice beasts
  2 sky beasts (D:7)
  14 ogres
  5 boggarts (Vaults:1)
  2 wolves
  A phantom (D:5)
  A wolf (shapeshifter) (Vaults:5)
  8 centaurs
  2 kobold brigands
  13 bullfrogs
  A human zombie (Vaults:4)
  A cane toad simulacrum (Lair:3)
  2 gnoll sergeants
  2 necrophages (D:7)
  3 human skeletons
  12 wights
  5 killer bees (D:10)
  2 elephant simulacra (Lair:3)
  4 howler monkeys
  A vampire bat (Lair:4)
  3 hounds
  4 jellies
  A gnoll bouda (Orc:2)
  10 orc priests
  2 iguanas
  Terence (D:2)
  28 orc wizards
  A polar bear simulacrum (Lair:3)
  14 mummies
  Robin (D:3)
  8 adders
  12 gnolls
  A shadow imp (D:5)
  3 white imps
  An ufetubus (Vaults:4)
  A worm (D:5)
  2 dart slugs
  73 orcs
  9 endoplasms
  2 giant cockroaches
  15 goblins
  8 hobgoblins
  8 jackals
  5 quokkas
  7 ball pythons
  12 bats
  3 frilled lizards
  4 gnoll skeletons (Ossuary)
  A goblin skeleton (Ossuary)
  11 kobolds
  A kobold skeleton (Ossuary)
  2 orc skeletons (Ossuary)
  A rat (D:1)
  11 rat skeletons (Ossuary)
1500 creatures vanquished.

Vanquished Creatures (collateral kills)
  Jorgrun (Orc:2)
  A titan (Vaults:5)
  A walking divine tome (Depths:3)
  A fire giant (Depths:4)
  A very ugly thing (Depths:1)
  An entropy weaver (Spider:4)
  2 merfolk impalers (Shoals:4)
  An ettin (Depths:2)
  A yaktaur captain (Vaults:5)
  A fire dragon (Depths:2)
  2 merfolk avatars (Shoals:4)
  A pharaoh ant (Spider:4)
  A steelbarb worm (Spider:1)
  4 orb spiders
  An orc knight (Orc:2)
  A wolf spider (Spider:4)
  3 orc sorcerers (Orc:2)
  A cyclops (Orc:2)
  A moth of wrath (Spider:3)
  3 water nymphs (Shoals:4)
  2 merfolk (Shoals:4)
  2 meliai (Spider:3)
  A blink frog (Lair:5)
  A jumping spider (Spider:3)
  2 air elementals (Shoals:4)
  2 culicivoras (Spider:3)
  A hog (Lair:5)
  A water elemental (Shoals:4)
  A redback (Spider:3)
  2 hell hounds (Spider:1)
  An orc wizard (Orc:2)
  An orc (Orc:2)
46 creatures vanquished.

Vanquished Creatures (others)
  A green draconian (Zot:1)
  2 humans
  A demonic plant (D:2)
  27 fungi
  57 plants
88 creatures vanquished.

Grand Total: 1634 creatures vanquished

Notes
Turn   | Place    | Note
-------+----------+-------------------------------------------
     0 | D:1      | qw the Minotaur Berserker began the quest for the Orb.
     0 | D:1      | Reached XP level 1. HP: 19/19 MP: 0/0
     0 | D:1      | 0 ||| qw: Version: 0.1-a-108-g9e35731
     0 | D:1      | 0 ||| qw: Game counter: 6423
     0 | D:1      | 0 ||| qw: Always use a shield: true
     0 | D:1      | 0 ||| qw: Do Orc after D:15 true
     0 | D:1      | 0 ||| qw: Do second Lair branch before Depths: true
     0 | D:1      | 0 ||| qw: Lair rune preference: random
     0 | D:1      | 0 ||| qw: Plans: Normal
     0 | D:1      | 0 ||| PLANNING D:1-11
    23 | D:1      | 23 ||| Stepping ~*~*~tactically~*~*~ (stealth).
    26 | D:1      | 26 ||| Stepping ~*~*~tactically~*~*~ (stealth).
    37 | D:1      | 37 ||| Stepping ~*~*~tactically~*~*~ (stealth).
   244 | D:1      | Reached XP level 2. HP: 26/26 MP: 1/1
   252 | D:1      | 252 ||| Stepping ~*~*~tactically~*~*~ (stealth).
   255 | D:1      | 255 ||| Stepping ~*~*~tactically~*~*~ (stealth).
   574 | D:1      | 574 ||| Stepping ~*~*~tactically~*~*~ (stealth).
   575 | D:1      | 575 ||| Stepping ~*~*~tactically~*~*~ (stealth).
   583 | D:1      | 583 ||| Stepping ~*~*~tactically~*~*~ (stealth).
   723 | D:1      | Reached ** piety under Trog
   887 | D:1      | Reached XP level 3. HP: 30/31 MP: 2/2
   910 | D:1      | 910 ||| Stepping ~*~*~tactically~*~*~ (hiding).
   912 | D:1      | 912 ||| Stepping ~*~*~tactically~*~*~ (hiding).
  1205 | D:1      | 1205 ||| UPGRADING to +0 leather armour.
  1215 | D:1      | 1215 ||| DROPPING +0 animal skin.
  1216 | D:1      | 1216 ||| READING 5 scrolls labelled NURGHE MINNUDIT.
  1221 | D:1      | 1221 ||| READING 2 scrolls labelled GYQUSEVITEO.
  1222 | D:1      | 1222 ||| READING scroll labelled GOEMALOEZAQ.
  1223 | D:1      | 1223 ||| READING scroll labelled HOKKA LONOKATT.
  1224 | D:1      | 1224 ||| READING scroll labelled FUOSEMP HAMNIK.
  1225 | D:1      | 1225 ||| DRINKING 2 fuming purple potions.
  1226 | D:1      | 1226 ||| READING 4 scrolls of teleportation.
  1246 | D:2      | Noticed Terence
  1248 | D:2      | 1248 ||| INVOKING Berserk.
  1254 | D:2      | Killed Terence
  1255 | D:2      | 1255 ||| STAIRDANCE
  1399 | D:2      | 1399 ||| DROPPING +0 club.
  1473 | D:2      | Reached skill level 6 in Axes
  1473 | D:2      | Reached XP level 4. HP: 39/39 MP: 3/3
  1574 | D:2      | 1574 ||| Stepping ~*~*~tactically~*~*~ (stealth).
  1575 | D:2      | 1575 ||| Stepping ~*~*~tactically~*~*~ (stealth).
  1588 | D:2      | 1588 ||| Stepping ~*~*~tactically~*~*~ (stealth).
  1590 | D:2      | 1590 ||| Stepping ~*~*~tactically~*~*~ (stealth).
  1603 | D:2      | 1603 ||| Stepping ~*~*~tactically~*~*~ (stealth).
  1604 | D:2      | 1604 ||| Stepping ~*~*~tactically~*~*~ (stealth).
  1605 | D:2      | 1605 ||| Stepping ~*~*~tactically~*~*~ (stealth).
  1683 | D:2      | 1683 ||| Stepping ~*~*~tactically~*~*~ (stealth).
  1802 | D:2      | Found a faded altar of an unknown god.
  1802 | D:2      | Noticed an orange demon
  2113 | D:2      | 2113 ||| UPGRADING to +0 scale mail.
  2123 | D:2      | 2123 ||| DROPPING +0 leather armour.
  2124 | D:2      | 2124 ||| READING scroll labelled YRRENY DANG.
  2125 | D:2      | 2125 ||| DRINKING 2 lumpy coppery potions.
  2126 | D:2      | 2126 ||| DRINKING 2 sedimented orange potions.
  2127 | D:2      | 2127 ||| DROPPING potion of flight.
  2173 | D:3      | 2173 ||| Stepping ~*~*~tactically~*~*~ (stealth).
  2174 | D:3      | 2174 ||| Stepping ~*~*~tactically~*~*~ (stealth).
  2175 | D:3      | 2175 ||| Stepping ~*~*~tactically~*~*~ (stealth).
  2191 | D:3      | Found an ornate altar of the Wu Jian Council.
  2194 | D:3      | Found a hazy altar of Hepliaklqana.
  2194 | D:3      | Found a snail-covered altar of Cheibriados.
  2195 | D:3      | Found a shadowy altar of Dithmenos.
  2253 | D:3      | 2253 ||| FLEEEEING.
  2254 | D:3      | 2254 ||| FLEEEEING.
  2255 | D:3      | 2255 ||| STAIRDANCE
  2304 | D:2      | 2304 ||| UPGRADING to +0 pair of gloves.
  2386 | D:3      | Found a radiant altar of Vehumet.
  2388 | D:3      | 2388 ||| INVOKING Berserk.
  2526 | D:3      | Found a runed translucent gate.
  2526 | D:3      | Noticed qw's ghost (amateur BaCK)
  2526 | D:3      | Identified the +1 scale mail of Beauty {Str+10 Int-2 Dex+2}
  2527 | D:3      | Found a runed translucent gate.
  2528 | D:3      | Found a runed translucent gate.
  2608 | D:3      | Reached XP level 5. HP: 45/45 MP: 4/4
  2625 | D:3      | Found a basalt altar of Yredelemnul.
  2744 | D:3      | Noticed Robin
  2745 | D:3      | 2745 ||| Stepping ~*~*~tactically~*~*~ (stealth).
  2746 | D:3      | 2746 ||| Stepping ~*~*~tactically~*~*~ (stealth).
  2748 | D:3      | 2748 ||| INVOKING Berserk.
  2749 | D:3      | Killed Robin
  2904 | D:3      | 2904 ||| READING scroll labelled XIAVVUMIDYS.
  2905 | D:3      | 2905 ||| READING 2 scrolls labelled GOASAT DA YDWIMO.
  2906 | D:3      | 2906 ||| DROPPING scroll of blinking.
  2933 | D:4      | 2933 ||| PLANNING OSSUARY
  3069 | D:4      | Found a glowing silver altar of Zin.
  3160 | D:4      | 3160 ||| Stepping ~*~*~tactically~*~*~ (hiding).
  3161 | D:4      | 3161 ||| Stepping ~*~*~tactically~*~*~ (hiding).
  3170 | D:4      | 3170 ||| Stepping ~*~*~tactically~*~*~ (stealth).
  3175 | D:4      | Reached skill level 4 in Fighting
  3187 | D:4      | 3187 ||| Stepping ~*~*~tactically~*~*~ (stealth).
  3189 | D:4      | 3189 ||| Stepping ~*~*~tactically~*~*~ (stealth).
  3190 | D:4      | 3190 ||| Stepping ~*~*~tactically~*~*~ (stealth).
  3191 | D:4      | 3191 ||| Stepping ~*~*~tactically~*~*~ (stealth).
  3236 | D:4      | 3236 ||| INVOKING Berserk.
  3344 | D:4      | 3344 ||| DROPPING +0 mace.
  3470 | D:4      | Found a white marble altar of Elyvilon.
  3490 | D:4      | Found a sand-covered staircase.
  3493 | D:4      | 3493 ||| UPGRADING to +0 plate armour.
  3597 | D:4      | 3597 ||| UPGRADING to +0 scale mail.
  3602 | D:4      | 3602 ||| UPGRADING to +0 plate armour.
  3612 | D:4      | 3612 ||| DROPPING +0 scale mail.
  3619 | Ossuary  | Entered an ossuary
  3638 | Ossuary  | Reached *** piety under Trog
  3759 | Ossuary  | Reached XP level 6. HP: 39/52 MP: 5/5
  3850 | Ossuary  | Reached skill level 3 in Armour
  4627 | Ossuary  | 4627 ||| READING 2 scrolls labelled YHYET ARCHIEFIT.
  4628 | Ossuary  | 4628 ||| READING scroll of enchant weapon.
  4628 | Ossuary  | 4628 ||| ENCHANTING +1 hand axe.
  4629 | Ossuary  | 4629 ||| READING scroll labelled MABRUMN NO HOR.
  4774 | Ossuary  | 4774 ||| READING scroll labelled CIEKKO HAXT.
  4775 | Ossuary  | 4775 ||| DRINKING 2 cyan potions.
  4776 | Ossuary  | 4776 ||| DRINKING 2 viscous black potions.
  4777 | Ossuary  | 4777 ||| READING 3 scrolls of identify.
  4777 | Ossuary  | 4777 ||| IDENTIFYING viscous clear potion
  4778 | Ossuary  | 4778 ||| READING 2 scrolls of identify.
  4778 | Ossuary  | 4778 ||| IDENTIFYING sedimented blue potion
  4779 | Ossuary  | 4779 ||| DROPPING potion of lignification.
  4812 | D:4      | 4812 ||| PLANNING D:1-11
  4996 | D:4      | 4996 ||| UPGRADING to +6 ring of dexterity.
  5019 | D:5      | Entered Level 5 of the Dungeon
  5020 | D:5      | 5020 ||| INVOKING Berserk.
  5026 | D:5      | Reached skill level 9 in Axes
  5026 | D:5      | Reached XP level 7. HP: 59/59 MP: 6/6
  5028 | D:5      | 5028 ||| STAIRDANCE
  5100 | D:5      | 5100 ||| INVOKING Berserk.
  5219 | D:5      | 5219 ||| INVOKING Berserk.
  5397 | D:5      | 5397 ||| INVOKING Berserk.
  5400 | D:5      | Reached skill level 5 in Fighting
  5406 | D:5      | Reached **** piety under Trog
  5553 | D:5      | 5553 ||| Stepping ~*~*~tactically~*~*~ (stealth).
  5701 | D:5      | 5701 ||| Stepping ~*~*~tactically~*~*~ (stealth).
  5702 | D:5      | 5702 ||| Stepping ~*~*~tactically~*~*~ (stealth).
  5757 | D:5      | Found Gozag's Platinum Reserve.
  5867 | D:5      | Found an opulent altar of Gozag.
  6014 | D:5      | Reached XP level 8. HP: 70/70 MP: 7/7
  6252 | D:5      | 6252 ||| UPGRADING to +4 ring of protection.
  6253 | D:5      | 6253 ||| READING 2 scrolls labelled TUPSOTWA RUTS.
  6254 | D:5      | 6254 ||| READING 3 scrolls of identify.
  6254 | D:5      | 6254 ||| IDENTIFYING amethyst potion
  6255 | D:5      | 6255 ||| READING 2 scrolls of identify.
  6255 | D:5      | 6255 ||| IDENTIFYING blue potion
  6256 | D:5      | 6256 ||| DROPPING scroll of butterflies.
  6257 | D:5      | 6257 ||| DROPPING potion of invisibility.
  6258 | D:5      | 6258 ||| DROPPING potion of attraction.
  6423 | D:6      | 6423 ||| READING 3 scrolls of teleportation.
  6433 | D:6      | Reached skill level 6 in Fighting
  6740 | D:6      | 6740 ||| SWAPPING to +1 war axe of flaming.
  6741 | D:6      | 6741 ||| DROPPING +0 flail.
  6742 | D:6      | 6742 ||| DROPPING +2 hand axe.
  6824 | D:6      | 6824 ||| Stepping ~*~*~tactically~*~*~ (stealth).
  6830 | D:6      | Reached skill level 1 in Throwing
  7045 | D:6      | 7045 ||| UPGRADING to ring of see invisible.
  7047 | D:6      | 7047 ||| READING scroll labelled REV KOANIH.
  7048 | D:6      | 7048 ||| READING 2 scrolls of identify.
  7048 | D:6      | 7048 ||| IDENTIFYING inky potion
  7101 | D:7      | Found an iron altar of Okawaru.
  7301 | D:7      | Found a staircase to the Ecumenical Temple.
  7311 | D:7      | 7311 ||| INVOKING Berserk.
  7465 | D:7      | Reached skill level 12 in Axes
  7466 | D:7      | 7466 ||| INVOKING Berserk.
  7676 | D:7      | 7676 ||| READING scroll of enchant armour.
  7676 | D:7      | 7676 ||| ENCHANTING +0 pair of gloves.
  7758 | D:7      | 7758 ||| INVOKING Berserk.
  7760 | D:7      | Reached XP level 9. HP: 78/78 MP: 8/8
  7939 | D:7      | 7939 ||| Stepping ~*~*~tactically~*~*~ (hiding).
  7950 | D:7      | Reached skill level 7 in Fighting
  7993 | D:7      | Noticed a brown ugly thing
  7999 | D:7      | 7999 ||| READING scroll labelled FANWITSA QEONK.
  8004 | D:7      | 8004 ||| INVOKING Berserk.
  8035 | D:7      | 8035 ||| READING 4 scrolls of identify.
  8035 | D:7      | 8035 ||| IDENTIFYING bubbling purple potion
  8036 | D:7      | 8036 ||| READING 6 scrolls of teleportation.
  8166 | D:7      | Killed a brown ugly thing
  8274 | D:7      | 8274 ||| Stepping ~*~*~tactically~*~*~ (stealth).
  8709 | D:8      | Reached skill level 3 in Throwing
  8930 | D:8      | 8930 ||| INVOKING Berserk.
  8939 | D:8      | Reached skill level 8 in Fighting
  9082 | D:8      | 9082 ||| Stepping ~*~*~tactically~*~*~ (hiding).
  9215 | D:8      | 9215 ||| Stepping ~*~*~tactically~*~*~ (hiding).
  9219 | D:8      | 9219 ||| Stepping ~*~*~tactically~*~*~ (hiding).
  9632 | D:8      | 9632 ||| Stepping ~*~*~tactically~*~*~ (hiding).
  9636 | D:8      | 9636 ||| INVOKING Berserk.
  9641 | D:8      | Reached XP level 10. HP: 88/88 MP: 9/9
  9858 | D:9      | Noticed a two-headed ogre
  9863 | D:9      | 9863 ||| INVOKING Berserk.
  9868 | D:9      | Killed a two-headed ogre
  9934 | D:9      | 9934 ||| Stepping ~*~*~tactically~*~*~ (stealth).
  9937 | D:9      | 9937 ||| Stepping ~*~*~tactically~*~*~ (stealth).
 10082 | D:9      | 10082 ||| INVOKING Berserk.
 10099 | D:9      | Found a staircase to the Orcish Mines.
 10309 | D:9      | Noticed a boulder beetle
 10313 | D:9      | 10313 ||| INVOKING Berserk.
 10318 | D:9      | Killed a boulder beetle
 10319 | D:9      | Reached skill level 15 in Axes
 10372 | D:9      | 10372 ||| Stepping ~*~*~tactically~*~*~ (hiding).
 10389 | D:9      | 10389 ||| Stepping ~*~*~tactically~*~*~ (hiding).
 10557 | D:9      | Reached skill level 9 in Fighting
 10701 | D:9      | 10701 ||| Stepping ~*~*~tactically~*~*~ (stealth).
 10702 | D:9      | 10702 ||| Stepping ~*~*~tactically~*~*~ (stealth).
 10771 | D:9      | Reached skill level 3 in Dodging
 11041 | D:9      | 11041 ||| READING 7 scrolls of identify.
 11041 | D:9      | 11041 ||| IDENTIFYING metallic red potion
 11042 | D:9      | 11042 ||| DROPPING potion of degeneration.
 11069 | D:10     | Entered Level 10 of the Dungeon
 11427 | D:10     | 11427 ||| Stepping ~*~*~tactically~*~*~ (stealth).
 11428 | D:10     | 11428 ||| Stepping ~*~*~tactically~*~*~ (stealth).
 11451 | D:10     | Reached XP level 11. HP: 91/97 MP: 10/10
 11556 | D:10     | 11556 ||| READING scroll of enchant armour.
 11556 | D:10     | 11556 ||| ENCHANTING +1 pair of gloves.
 11573 | D:10     | Found a broken altar of Ashenzari.
 11589 | D:10     | Noticed a two-headed ogre
 11592 | D:10     | 11592 ||| INVOKING Berserk.
 11596 | D:10     | Killed a two-headed ogre
 11597 | D:10     | Reached skill level 10 in Fighting
 11656 | D:10     | Found a runed translucent door.
 11827 | D:10     | 11827 ||| INVOKING Berserk.
 12274 | D:10     | Noticed a fire crab
 12275 | D:10     | 12275 ||| UPGRADING to +2 cloak.
 12287 | D:11     | Found a staircase to the Lair.
 12306 | D:11     | 12306 ||| READING scroll of enchant armour.
 12306 | D:11     | 12306 ||| ENCHANTING +0 plate armour.
 12308 | D:11     | 12308 ||| Stepping ~*~*~tactically~*~*~ (stealth).
 12314 | D:11     | 12314 ||| Stepping ~*~*~tactically~*~*~ (hiding).
 12320 | D:11     | 12320 ||| INVOKING Berserk.
 12332 | D:11     | Noticed a five-headed hydra
 12338 | D:11     | Killed a one-headed hydra
 12339 | D:11     | Reached skill level 9 in Armour
 12552 | D:11     | Noticed a boulder beetle
 12558 | D:11     | 12558 ||| INVOKING Berserk.
 12564 | D:11     | Killed a boulder beetle
 12605 | D:11     | 12605 ||| Stepping ~*~*~tactically~*~*~ (stealth).
 12607 | D:11     | 12607 ||| Stepping ~*~*~tactically~*~*~ (hiding).
 12616 | D:11     | 12616 ||| Stepping ~*~*~tactically~*~*~ (hiding).
 12629 | D:11     | Reached skill level 11 in Fighting
 12637 | D:11     | 12637 ||| Stepping ~*~*~tactically~*~*~ (stealth).
 12717 | D:11     | 12717 ||| READING scroll of enchant weapon.
 12717 | D:11     | 12717 ||| ENCHANTING +1 war axe of flaming.
 12747 | D:11     | 12747 ||| FLEEEEING.
 12750 | D:11     | 12750 ||| FLEEEEING.
 12751 | D:11     | 12751 ||| FLEEEEING.
 12766 | D:11     | 12766 ||| FLEEEEING.
 12780 | D:11     | 12780 ||| INVOKING Berserk.
 12870 | D:11     | 12870 ||| READING scroll of enchant armour.
 12870 | D:11     | 12870 ||| ENCHANTING +1 plate armour.
 12936 | D:11     | 12936 ||| INVOKING Berserk.
 13162 | D:11     | Identified the +8 longbow "Todyerghu" {freeze, rN+++ Int+2
                  | Dex+4}
 13436 | D:11     | 13436 ||| PLANNING LAIR
 13498 | Lair:1   | Entered Level 1 of the Lair of Beasts
 13633 | Lair:1   | Noticed a four-headed hydra
 13637 | Lair:1   | 13637 ||| INVOKING Berserk.
 13639 | Lair:1   | Killed a two-headed hydra
 13890 | Lair:1   | 13890 ||| INVOKING Berserk.
 14065 | Lair:1   | 14065 ||| READING 3 scrolls of enchant weapon.
 14065 | Lair:1   | 14065 ||| ENCHANTING +2 war axe of flaming.
 14066 | Lair:1   | 14066 ||| READING 2 scrolls of enchant weapon.
 14066 | Lair:1   | 14066 ||| ENCHANTING +3 war axe of flaming.
 14067 | Lair:1   | 14067 ||| READING scroll of enchant weapon.
 14067 | Lair:1   | 14067 ||| ENCHANTING +4 war axe of flaming.
 14086 | Lair:1   | 14086 ||| DRINKING 3 potions of cancellation.
 14087 | Lair:1   | 14087 ||| DRINKING 2 potions of cancellation.
 14253 | Lair:1   | Noticed a seven-headed hydra
 14257 | Lair:1   | 14257 ||| INVOKING Berserk.
 14259 | Lair:1   | Killed a five-headed hydra
 14260 | Lair:1   | Reached skill level 12 in Fighting
 14543 | Lair:1   | 14543 ||| UPGRADING to +0 pair of boots.
 14548 | Lair:1   | 14548 ||| UPGRADING to scarf of resistance.
 14619 | Lair:2   | 14619 ||| INVOKING Berserk.
 14757 | Lair:2   | Noticed an eight-headed hydra
 14761 | Lair:2   | 14761 ||| INVOKING Berserk.
 14763 | Lair:2   | Killed a six-headed hydra
 14764 | Lair:2   | Reached XP level 12. HP: 112/112 MP: 11/11
 14915 | Lair:2   | 14915 ||| Stepping ~*~*~tactically~*~*~ (stealth).
 14916 | Lair:2   | 14916 ||| Stepping ~*~*~tactically~*~*~ (stealth).
 14917 | Lair:2   | 14917 ||| INVOKING Berserk.
 14925 | Lair:2   | Reached skill level 13 in Fighting
 15176 | Lair:2   | You fall into a shaft and drop 2 floors!
 15266 | Lair:3   | Found a frozen archway.
 15274 | Lair:3   | 15274 ||| INVOKING Berserk.
 15277 | Lair:3   | Found a staircase to the Shoals.
 15283 | Lair:3   | Reached skill level 12 in Armour
 15443 | Lair:2   | 15443 ||| INVOKING Berserk.
 15584 | Lair:2   | 15584 ||| INVOKING Berserk.
 15701 | Lair:2   | Paralysed by a hornet for 1 turns
 15706 | Lair:2   | Reached skill level 14 in Fighting
 15987 | Lair:2   | Identified the +1 ring mail of the Pirate {Regen+}
 16498 | Lair:3   | 16498 ||| Stepping ~*~*~tactically~*~*~ (stealth).
 16502 | Lair:3   | 16502 ||| Stepping ~*~*~tactically~*~*~ (stealth).
 16504 | Lair:3   | 16504 ||| Stepping ~*~*~tactically~*~*~ (stealth).
 16511 | Lair:3   | 16511 ||| Stepping ~*~*~tactically~*~*~ (stealth).
 16512 | Lair:3   | 16512 ||| Stepping ~*~*~tactically~*~*~ (stealth).
 16513 | Lair:3   | 16513 ||| Stepping ~*~*~tactically~*~*~ (stealth).
 16514 | Lair:3   | 16514 ||| Stepping ~*~*~tactically~*~*~ (stealth).
 16599 | Lair:3   | 16599 ||| FLEEEEING.
 16600 | Lair:3   | 16600 ||| FLEEEEING.
 16603 | Lair:3   | 16603 ||| FLEEEEING.
 16605 | Lair:3   | 16605 ||| FLEEEEING.
 16607 | Lair:3   | 16607 ||| INVOKING Berserk.
 16716 | Lair:3   | Noticed a death yak
 16716 | Lair:3   | Noticed a death yak
 16720 | Lair:3   | 16720 ||| INVOKING Berserk.
 16723 | Lair:3   | Killed a death yak
 16729 | Lair:3   | Killed a death yak
 16927 | Lair:3   | 16927 ||| Stepping ~*~*~tactically~*~*~ (stealth).
 16929 | Lair:3   | 16929 ||| Stepping ~*~*~tactically~*~*~ (stealth).
 16931 | Lair:3   | 16931 ||| INVOKING Berserk.
 17131 | Lair:3   | Reached skill level 15 in Fighting
 17215 | Lair:3   | Found a hole to the Spider Nest.
 17402 | Lair:3   | 17402 ||| INVOKING Berserk.
 17730 | Lair:4   | Noticed a six-headed hydra
 17737 | Lair:4   | 17737 ||| INVOKING Berserk.
 17741 | Lair:4   | Killed a three-headed hydra
 17742 | Lair:4   | Reached skill level 6 in Dodging
 17742 | Lair:4   | Reached XP level 13. HP: 126/126 MP: 12/12
 17881 | Lair:4   | Found a staircase to the Slime Pits.
 17881 | Lair:4   | Found a viscous altar of Jiyva.
 17923 | Lair:4   | 17923 ||| SWAPPING to +0 broad axe.
 17925 | Lair:4   | Reached ***** piety under Trog
 17966 | Lair:4   | 17966 ||| INVOKING Berserk.
 18124 | Lair:4   | 18124 ||| Stepping ~*~*~tactically~*~*~ (stealth).
 18125 | Lair:4   | 18125 ||| Stepping ~*~*~tactically~*~*~ (stealth).
 18132 | Lair:4   | 18132 ||| Stepping ~*~*~tactically~*~*~ (stealth).
 18139 | Lair:4   | 18139 ||| Stepping ~*~*~tactically~*~*~ (stealth).
 18346 | Lair:4   | 18346 ||| Stepping ~*~*~tactically~*~*~ (stealth).
 18688 | Lair:4   | 18688 ||| READING scroll labelled POEBLOFU AREFO.
 18789 | Lair:4   | 18789 ||| READING 12 scrolls of identify.
 18789 | Lair:4   | 18789 ||| IDENTIFYING bubbling puce potion
 18790 | Lair:4   | 18790 ||| DROPPING potion of magic.
 18828 | Lair:5   | Entered Level 5 of the Lair of Beasts
 18894 | Lair:5   | 18894 ||| Stepping ~*~*~tactically~*~*~ (stealth).
 18895 | Lair:5   | 18895 ||| Stepping ~*~*~tactically~*~*~ (stealth).
 18897 | Lair:5   | 18897 ||| Stepping ~*~*~tactically~*~*~ (stealth).
 18898 | Lair:5   | Noticed Kirke
 18899 | Lair:5   | 18899 ||| INVOKING Trog's Hand.
 18900 | Lair:5   | 18900 ||| INVOKING Brothers in Arms.
 18901 | Lair:5   | 18901 ||| INVOKING Brothers in Arms.
 18905 | Lair:5   | 18905 ||| INVOKING Berserk.
 18910 | Lair:5   | Noticed a sphinx
 18913 | Lair:5   | Killed Kirke
 18951 | Lair:5   | 18951 ||| INVOKING Brothers in Arms.
 18952 | Lair:5   | 18952 ||| INVOKING Brothers in Arms.
 19017 | Lair:5   | 19017 ||| Stepping ~*~*~tactically~*~*~ (stealth).
 19020 | Lair:5   | 19020 ||| INVOKING Berserk.
 19145 | Lair:5   | 19145 ||| INVOKING Berserk.
 19235 | Lair:5   | 19235 ||| INVOKING Brothers in Arms.
 19238 | Lair:5   | 19238 ||| INVOKING Brothers in Arms.
 19239 | Lair:5   | 19239 ||| SWAPPING to +5 war axe of flaming.
 19240 | Lair:5   | 19240 ||| INVOKING Berserk.
 19260 | Lair:5   | 19260 ||| SWAPPING to +0 broad axe.
 19426 | Lair:5   | Reached skill level 18 in Axes
 19563 | Lair:5   | 19563 ||| INVOKING Berserk.
 19748 | Lair:5   | 19748 ||| READING scroll of enchant weapon.
 19748 | Lair:5   | 19748 ||| ENCHANTING +0 broad axe.
 19766 | Lair:5   | 19766 ||| INVOKING Berserk.
 19885 | Lair:5   | 19885 ||| Stepping ~*~*~tactically~*~*~ (hiding).
 19889 | Lair:5   | Noticed a dire elephant
 19892 | Lair:5   | 19892 ||| INVOKING Berserk.
 19894 | Lair:5   | Reached skill level 16 in Fighting
 19906 | Lair:5   | Killed a dire elephant
 20279 | Lair:5   | Noticed qw's ghost (journeyman MiBe)
 20285 | Lair:5   | Found a runed translucent gate.
 20327 | Lair:5   | Found a runed translucent gate.
 20328 | Lair:5   | Found a runed translucent gate.
 20346 | Lair:5   | 20346 ||| INVOKING Berserk.
 20367 | Lair:5   | 20367 ||| FLEEEEING.
 20368 | Lair:5   | 20368 ||| FLEEEEING.
 20369 | Lair:5   | 20369 ||| STAIRDANCE
 20471 | Lair:4   | 20471 ||| DROPPING ring of ice.
 20491 | Lair:5   | 20491 ||| Stepping ~*~*~tactically~*~*~ (stealth).
 20570 | Lair:5   | 20570 ||| INVOKING Berserk.
 20940 | Lair:5   | 20940 ||| PLANNING D
 21109 | D:12     | 21109 ||| Stepping ~*~*~tactically~*~*~ (stealth).
 21117 | D:12     | 21117 ||| Stepping ~*~*~tactically~*~*~ (hiding).
 21231 | D:12     | 21231 ||| Stepping ~*~*~tactically~*~*~ (hiding).
 21259 | D:12     | Reached XP level 14. HP: 132/138 MP: 13/13
 21319 | D:12     | Identified the +5 falchion "Ocsepob" {spect, rC+ Int-3
                  | Dex+4}
 21336 | D:12     | Reached skill level 17 in Fighting
 21485 | D:12     | 21485 ||| DROPPING +1 pair of gloves.
 21486 | D:12     | 21486 ||| UPGRADING to +0 kite shield.
 21491 | D:12     | 21491 ||| DROPPING +6 ring of dexterity.
 21492 | D:12     | 21492 ||| DROPPING ring of protection from cold.
 21549 | D:13     | Reached skill level 1 in Shields
 21591 | D:13     | 21591 ||| Stepping ~*~*~tactically~*~*~ (stealth).
 21592 | D:13     | 21592 ||| INVOKING Berserk.
 21600 | D:13     | Reached skill level 3 in Shields
 21905 | D:13     | 21905 ||| Stepping ~*~*~tactically~*~*~ (hiding).
 22013 | D:13     | 22013 ||| INVOKING Berserk.
 22016 | D:13     | Reached skill level 6 in Shields
 22025 | D:13     | HP: 51/210 [poisoned by a tengu warrior]
 22028 | D:13     | HP: 23/140 [poisoned by a tengu warrior]
 22033 | D:13     | HP: 13/140 [poisoned by a tengu warrior]
 22421 | D:13     | Noticed Snorg
 22422 | D:13     | 22422 ||| Stepping ~*~*~tactically~*~*~ (hiding).
 22425 | D:13     | 22425 ||| INVOKING Berserk.
 22434 | D:13     | Killed Snorg
 22533 | D:13     | 22533 ||| Stepping ~*~*~tactically~*~*~ (stealth).
 22534 | D:13     | 22534 ||| Stepping ~*~*~tactically~*~*~ (stealth).
 22535 | D:13     | 22535 ||| Stepping ~*~*~tactically~*~*~ (stealth).
 22545 | D:13     | 22545 ||| Stepping ~*~*~tactically~*~*~ (stealth).
 22548 | D:13     | 22548 ||| Stepping ~*~*~tactically~*~*~ (stealth).
 22549 | D:13     | 22549 ||| Stepping ~*~*~tactically~*~*~ (stealth).
 22629 | D:13     | 22629 ||| Stepping ~*~*~tactically~*~*~ (hiding).
 22631 | D:13     | 22631 ||| Stepping ~*~*~tactically~*~*~ (hiding).
 22903 | D:13     | Noticed Nessos
 22904 | D:13     | 22904 ||| Stepping ~*~*~tactically~*~*~ (hiding).
 22905 | D:13     | 22905 ||| Stepping ~*~*~tactically~*~*~ (stealth).
 22914 | D:13     | Noticed Rupert
 22915 | D:13     | 22915 ||| INVOKING Trog's Hand.
 22917 | D:13     | 22917 ||| Stepping ~*~*~tactically~*~*~ (hiding).
 22926 | D:13     | 22926 ||| INVOKING Berserk.
 22934 | D:13     | Killed Rupert
 22935 | D:13     | Reached skill level 9 in Shields
 22950 | D:13     | Noticed Urug
 22958 | D:13     | HP: 35/140 [Nessos/arrow (1)]
 22958 | D:13     | HP: 17/140 [Urug/javelin (18)]
 22959 | D:13     | 22959 ||| READING 8 scrolls of teleportation.
 22959 | D:13     | HP: 5/140 [Nessos/arrow (7)]
 22960 | D:13     | 22960 ||| DRINKING 4 potions of heal wounds.
 22961 | D:13     | 22961 ||| DRINKING 3 potions of heal wounds.
 22964 | D:13     | HP: 26/140 [poisoned by Nessos]
 23459 | D:13     | Found a gate to the Vaults.
 23467 | D:13     | HP: 31/140 [Nessos/arrow (8)]
 23468 | D:13     | 23468 ||| READING 7 scrolls of teleportation.
 23469 | D:13     | 23469 ||| DRINKING 2 potions of heal wounds.
 23470 | D:13     | 23470 ||| INVOKING Berserk.
 23472 | D:13     | HP: 50/210 [poisoned by Nessos]
 23477 | D:13     | HP: 25/140 [poisoned by Nessos]
 23972 | D:13     | 23972 ||| INVOKING Berserk.
 23982 | D:13     | Killed Urug
 23985 | D:13     | Killed Nessos
 24230 | D:13     | 24230 ||| DROPPING +2 pair of gloves.
 24231 | D:13     | 24231 ||| UPGRADING to amulet of regeneration.
 24236 | D:13     | 24236 ||| READING 12 scrolls of identify.
 24236 | D:13     | 24236 ||| IDENTIFYING grey potion
 24237 | D:13     | 24237 ||| DROPPING potion of ambrosia.
 24265 | D:14     | 24265 ||| PLANNING GAUNTLET
 24323 | D:14     | 24323 ||| INVOKING Berserk.
 24458 | D:14     | 24458 ||| Stepping ~*~*~tactically~*~*~ (hiding).
 24460 | D:14     | 24460 ||| INVOKING Berserk.
 24728 | D:14     | 24728 ||| Stepping ~*~*~tactically~*~*~ (hiding).
 24733 | D:14     | 24733 ||| RIP GAUNTLET
 24734 | D:14     | 24734 ||| PLANNING D
 24821 | D:14     | 24821 ||| Stepping ~*~*~tactically~*~*~ (hiding).
 24822 | D:14     | 24822 ||| Stepping ~*~*~tactically~*~*~ (hiding).
 24832 | D:14     | Reached skill level 12 in Shields
 24872 | D:14     | 24872 ||| Stepping ~*~*~tactically~*~*~ (hiding).
 24999 | D:14     | 24999 ||| Stepping ~*~*~tactically~*~*~ (stealth).
 25000 | D:14     | 25000 ||| FLEEEEING.
 25001 | D:14     | 25001 ||| FLEEEEING.
 25004 | D:14     | 25004 ||| INVOKING Trog's Hand.
 25007 | D:14     | 25007 ||| FLEEEEING.
 25008 | D:14     | 25008 ||| FLEEEEING.
 25009 | D:14     | 25009 ||| FLEEEEING.
 25010 | D:14     | 25010 ||| FLEEEEING.
 25015 | D:14     | 25015 ||| FLEEEEING.
 25016 | D:14     | 25016 ||| FLEEEEING.
 25017 | D:14     | 25017 ||| FLEEEEING.
 25018 | D:14     | 25018 ||| FLEEEEING.
 25064 | D:14     | 25064 ||| Stepping ~*~*~tactically~*~*~ (hiding).
 25147 | D:14     | 25147 ||| INVOKING Berserk.
 25396 | D:14     | Noticed Louise
 25397 | D:14     | 25397 ||| INVOKING Trog's Hand.
 25398 | D:14     | 25398 ||| INVOKING Berserk.
 25413 | D:14     | Killed Louise
 25599 | D:14     | 25599 ||| DROPPING +1 chain mail of fire resistance.
 25600 | D:14     | 25600 ||| UPGRADING to +4 plate armour of poison
                  | resistance.
 25610 | D:14     | 25610 ||| DROPPING +2 plate armour.
 25611 | D:14     | 25611 ||| UPGRADING to +0 tower shield.
 25621 | D:14     | 25621 ||| DROPPING +0 kite shield.
 25633 | D:15     | Entered Level 15 of the Dungeon
 25763 | D:15     | 25763 ||| INVOKING Berserk.
 25890 | D:15     | 25890 ||| Stepping ~*~*~tactically~*~*~ (stealth).
 25948 | D:15     | 25948 ||| INVOKING Berserk.
 25953 | D:15     | Reached XP level 15. HP: 147/147 MP: 14/14
 26032 | D:15     | 26032 ||| Stepping ~*~*~tactically~*~*~ (stealth).
 26038 | D:15     | 26038 ||| INVOKING Berserk.
 26212 | D:15     | 26212 ||| Stepping ~*~*~tactically~*~*~ (hiding).
 26214 | D:15     | 26214 ||| INVOKING Berserk.
 26468 | D:15     | 26468 ||| Stepping ~*~*~tactically~*~*~ (hiding).
 26497 | D:15     | 26497 ||| SWAPPING to +5 war axe of flaming.
 26502 | D:15     | 26502 ||| SWAPPING to +1 broad axe.
 26521 | D:15     | 26521 ||| Stepping ~*~*~tactically~*~*~ (stealth).
 26523 | D:15     | 26523 ||| Stepping ~*~*~tactically~*~*~ (stealth).
 26524 | D:15     | 26524 ||| Stepping ~*~*~tactically~*~*~ (stealth).
 26525 | D:15     | 26525 ||| Stepping ~*~*~tactically~*~*~ (stealth).
 26526 | D:15     | 26526 ||| Stepping ~*~*~tactically~*~*~ (stealth).
 26536 | D:15     | 26536 ||| INVOKING Berserk.
 26661 | D:15     | Found a staircase to the Depths.
 26849 | D:15     | 26849 ||| PLANNING ORC
 26849 | D:15     | 26849 ||| UPGRADING to amulet of reflection.
 26859 | D:15     | 26859 ||| DROPPING amulet of regeneration.
 26860 | D:15     | 26860 ||| READING scroll labelled UXTEGO HAUNAUST.
 27055 | Orc:1    | Entered Level 1 of the Orcish Mines
 27056 | Orc:1    | 27056 ||| Stepping ~*~*~tactically~*~*~ (hiding).
 27057 | Orc:1    | 27057 ||| INVOKING Trog's Hand.
 27058 | Orc:1    | 27058 ||| Stepping ~*~*~tactically~*~*~ (hiding).
 27059 | Orc:1    | 27059 ||| INVOKING Berserk.
 27069 | Orc:1    | 27069 ||| Stepping ~*~*~tactically~*~*~ (hiding).
 27103 | Orc:1    | 27103 ||| Stepping ~*~*~tactically~*~*~ (stealth).
 27104 | Orc:1    | 27104 ||| Stepping ~*~*~tactically~*~*~ (stealth).
 27106 | Orc:1    | 27106 ||| Stepping ~*~*~tactically~*~*~ (stealth).
 27130 | Orc:1    | 27130 ||| Stepping ~*~*~tactically~*~*~ (stealth).
 27153 | Orc:1    | 27153 ||| Stepping ~*~*~tactically~*~*~ (stealth).
 27158 | Orc:1    | 27158 ||| Stepping ~*~*~tactically~*~*~ (stealth).
 27159 | Orc:1    | 27159 ||| Stepping ~*~*~tactically~*~*~ (stealth).
 27160 | Orc:1    | 27160 ||| Stepping ~*~*~tactically~*~*~ (stealth).
 27161 | Orc:1    | 27161 ||| Stepping ~*~*~tactically~*~*~ (stealth).
 27162 | Orc:1    | 27162 ||| Stepping ~*~*~tactically~*~*~ (stealth).
 27254 | Orc:1    | 27254 ||| Stepping ~*~*~tactically~*~*~ (hiding).
 27297 | Orc:1    | 27297 ||| Stepping ~*~*~tactically~*~*~ (stealth).
 27331 | Orc:1    | Reached skill level 15 in Shields
 27368 | Orc:1    | 27368 ||| Stepping ~*~*~tactically~*~*~ (stealth).
 27388 | Orc:1    | 27388 ||| Stepping ~*~*~tactically~*~*~ (stealth).
 27533 | Orc:1    | 27533 ||| Stepping ~*~*~tactically~*~*~ (stealth).
 27588 | Orc:1    | Noticed Josephine
 27589 | Orc:1    | 27589 ||| Stepping ~*~*~tactically~*~*~ (hiding).
 27596 | Orc:1    | Killed Josephine
 27604 | Orc:1    | 27604 ||| Stepping ~*~*~tactically~*~*~ (hiding).
 28069 | Orc:2    | Entered Level 2 of the Orcish Mines
 28090 | Orc:2    | 28090 ||| Stepping ~*~*~tactically~*~*~ (hiding).
 28091 | Orc:2    | 28091 ||| Stepping ~*~*~tactically~*~*~ (hiding).
 28092 | Orc:2    | 28092 ||| Stepping ~*~*~tactically~*~*~ (hiding).
 28130 | Orc:2    | 28130 ||| Stepping ~*~*~tactically~*~*~ (stealth).
 28131 | Orc:2    | 28131 ||| Stepping ~*~*~tactically~*~*~ (stealth).
 28132 | Orc:2    | 28132 ||| Stepping ~*~*~tactically~*~*~ (stealth).
 28133 | Orc:2    | 28133 ||| Stepping ~*~*~tactically~*~*~ (stealth).
 28137 | Orc:2    | 28137 ||| Stepping ~*~*~tactically~*~*~ (hiding).
 28138 | Orc:2    | 28138 ||| Stepping ~*~*~tactically~*~*~ (hiding).
 28139 | Orc:2    | 28139 ||| Stepping ~*~*~tactically~*~*~ (hiding).
 28280 | Orc:2    | 28280 ||| INVOKING Berserk.
 28296 | Orc:2    | 28296 ||| INVOKING Trog's Hand.
 28300 | Orc:2    | 28300 ||| INVOKING Brothers in Arms.
 28482 | Orc:2    | Found a staircase to the Elven Halls.
 28593 | Orc:2    | Noticed Jorgrun
 28594 | Orc:2    | 28594 ||| Stepping ~*~*~tactically~*~*~ (hiding).
 28600 | Orc:2    | 28600 ||| INVOKING Brothers in Arms.
 28602 | Orc:2    | 28602 ||| INVOKING Berserk.
 28605 | Orc:2    | Killed Jorgrun
 28808 | Orc:2    | 28808 ||| INVOKING Trog's Hand.
 28811 | Orc:2    | 28811 ||| INVOKING Berserk.
 28820 | Orc:2    | Found Kesh's Jewellery Emporium.
 28830 | Orc:2    | 28830 ||| INVOKING Brothers in Arms.
 28831 | Orc:2    | 28831 ||| INVOKING Brothers in Arms.
 28842 | Orc:2    | Found Ipyoc's Antique Armour Shoppe.
 28970 | Orc:2    | Found a radiant altar of Vehumet.
 28970 | Orc:2    | Noticed Erolcha
 28971 | Orc:2    | 28971 ||| Stepping ~*~*~tactically~*~*~ (hiding).
 28974 | Orc:2    | 28974 ||| INVOKING Trog's Hand.
 28981 | Orc:2    | Killed Erolcha
 28995 | Orc:2    | Found Regam's Antique Weapon Shoppe.
 29002 | Orc:2    | 29002 ||| INVOKING Berserk.
 29021 | Orc:2    | Found an ancient bone altar of Kikubaaqudgha.
 29023 | Orc:2    | 29023 ||| INVOKING Trog's Hand.
 29031 | Orc:2    | 29031 ||| INVOKING Brothers in Arms.
 29139 | Orc:2    | 29139 ||| BUYING dazzling broad axe (234 gold).
 29139 | Orc:2    | Bought a dazzling broad axe for 234 gold pieces
 29139 | Orc:2    | Identified the +5 broad axe "Komanit" {flame, Drain rN+
                  | Int+7} (You bought it in a shop on level 2 of the Orcish
                  | Mines)
 29139 | Orc:2    | 29139 ||| SWAPPING to +5 broad axe "Komanit" {flame, Drain
                  | rN+ Int+7}.
 29140 | Orc:2    | 29140 ||| DROPPING +5 war axe of flaming.
 29141 | Orc:2    | 29141 ||| DROPPING +1 broad axe of venom.
 29168 | Orc:2    | 29168 ||| BUYING glowing plate armour (832 gold).
 29168 | Orc:2    | Bought a glowing plate armour for 832 gold pieces
 29197 | Orc:2    | 29197 ||| INVOKING Trog's Hand.
 29198 | Orc:2    | 29198 ||| INVOKING Berserk.
 29217 | Orc:2    | Found Ynehosok's Distillery.
 29333 | Orc:2    | 29333 ||| BUYING potion of curing (48 gold).
 29333 | Orc:2    | Bought a potion of curing for 48 gold pieces
 29333 | Orc:2    | 29333 ||| BUYING potion of curing (48 gold).
 29333 | Orc:2    | Bought a potion of curing for 48 gold pieces
 29333 | Orc:2    | 29333 ||| BUYING potion of heal wounds (80 gold).
 29333 | Orc:2    | Bought a potion of heal wounds for 80 gold pieces
 29333 | Orc:2    | 29333 ||| BUYING potion of heal wounds (80 gold).
 29333 | Orc:2    | Bought a potion of heal wounds for 80 gold pieces
 29333 | Orc:2    | 29333 ||| BUYING potion of mutation (128 gold).
 29333 | Orc:2    | Bought a potion of mutation for 128 gold pieces
 29333 | Orc:2    | 29333 ||| BUYING potion of resistance (160 gold).
 29333 | Orc:2    | Bought a potion of resistance for 160 gold pieces
 29675 | Orc:2    | 29675 ||| PLANNING SPIDER:1-3
 29675 | Orc:2    | 29675 ||| DROPPING +3 plate armour of poison resistance.
 29867 | Spider:1 | Entered Level 1 of the Spider Nest
 29975 | Spider:1 | Noticed Azrael
 29976 | Spider:1 | 29976 ||| INVOKING Brothers in Arms.
 29981 | Spider:1 | 29981 ||| INVOKING Berserk.
 29985 | Spider:1 | Killed Azrael
 30006 | Spider:1 | 30006 ||| INVOKING Brothers in Arms.
 30091 | Spider:1 | 30091 ||| Stepping ~*~*~tactically~*~*~ (stealth).
 30227 | Spider:1 | Found a transporter.
 30255 | Spider:1 | 30255 ||| INVOKING Brothers in Arms.
 30256 | Spider:1 | 30256 ||| INVOKING Brothers in Arms.
 30259 | Spider:1 | Reached skill level 18 in Shields
 30260 | Spider:1 | Found a transporter.
 30261 | Spider:1 | 30261 ||| INVOKING Brothers in Arms.
 30284 | Spider:1 | Noticed an emperor scorpion
 30290 | Spider:1 | 30290 ||| INVOKING Berserk.
 30297 | Spider:1 | Killed an emperor scorpion
 30425 | Spider:1 | 30425 ||| READING scroll of enchant armour.
 30425 | Spider:1 | 30425 ||| ENCHANTING +0 pair of boots.
 30525 | Spider:2 | 30525 ||| STAIRDANCE
 30527 | Spider:1 | 30527 ||| DRINKING 2 potions of resistance.
 30617 | Spider:2 | 30617 ||| STAIRDANCE
 30693 | Spider:2 | 30693 ||| STAIRDANCE
 30783 | Spider:2 | Reached skill level 6 in Throwing
 30783 | Spider:2 | Reached XP level 16. HP: 155/155 MP: 15/15
 30833 | Spider:2 | 30833 ||| DRINKING potion of resistance.
 30866 | Spider:2 | 30866 ||| Stepping ~*~*~tactically~*~*~ (stealth).
 30867 | Spider:2 | 30867 ||| Stepping ~*~*~tactically~*~*~ (stealth).
 30869 | Spider:2 | 30869 ||| Stepping ~*~*~tactically~*~*~ (stealth).
 30888 | Spider:2 | 30888 ||| Stepping ~*~*~tactically~*~*~ (stealth).
 30892 | Spider:2 | 30892 ||| Stepping ~*~*~tactically~*~*~ (stealth).
 30997 | Spider:2 | 30997 ||| Stepping ~*~*~tactically~*~*~ (stealth).
 30999 | Spider:2 | 30999 ||| Stepping ~*~*~tactically~*~*~ (stealth).
 31260 | Spider:2 | 31260 ||| Stepping ~*~*~tactically~*~*~ (stealth).
 31261 | Spider:2 | 31261 ||| Stepping ~*~*~tactically~*~*~ (stealth).
 31295 | Spider:2 | 31295 ||| Stepping ~*~*~tactically~*~*~ (stealth).
 31296 | Spider:2 | 31296 ||| Stepping ~*~*~tactically~*~*~ (stealth).
 31297 | Spider:2 | 31297 ||| Stepping ~*~*~tactically~*~*~ (stealth).
 31298 | Spider:2 | 31298 ||| Stepping ~*~*~tactically~*~*~ (stealth).
 31300 | Spider:2 | 31300 ||| Stepping ~*~*~tactically~*~*~ (stealth).
 31478 | Spider:2 | 31478 ||| Stepping ~*~*~tactically~*~*~ (stealth).
 31561 | Spider:2 | 31561 ||| Stepping ~*~*~tactically~*~*~ (stealth).
 31573 | Spider:2 | 31573 ||| FLEEEEING.
 31574 | Spider:2 | 31574 ||| FLEEEEING.
 31575 | Spider:2 | 31575 ||| FLEEEEING.
 31576 | Spider:2 | 31576 ||| FLEEEEING.
 31577 | Spider:2 | 31577 ||| FLEEEEING.
 31578 | Spider:2 | 31578 ||| STAIRDANCE
 31870 | Spider:3 | 31870 ||| STAIRDANCE
 31917 | Spider:3 | 31917 ||| STAIRDANCE
 31932 | Spider:3 | 31932 ||| Stepping ~*~*~tactically~*~*~ (hiding).
 31935 | Spider:3 | 31935 ||| INVOKING Brothers in Arms.
 31942 | Spider:3 | 31942 ||| INVOKING Berserk.
 32091 | Spider:3 | 32091 ||| INVOKING Berserk.
 32102 | Spider:3 | 32102 ||| INVOKING Brothers in Arms.
 32461 | Spider:3 | Noticed Aizul
 32463 | Spider:3 | 32463 ||| INVOKING Trog's Hand.
 32469 | Spider:3 | 32469 ||| INVOKING Berserk.
 32481 | Spider:3 | Killed Aizul
 32647 | Spider:3 | 32647 ||| Stepping ~*~*~tactically~*~*~ (stealth).
 32653 | Spider:3 | 32653 ||| Stepping ~*~*~tactically~*~*~ (stealth).
 32655 | Spider:3 | 32655 ||| Stepping ~*~*~tactically~*~*~ (stealth).
 32659 | Spider:3 | 32659 ||| Stepping ~*~*~tactically~*~*~ (hiding).
 32661 | Spider:3 | 32661 ||| INVOKING Brothers in Arms.
 32672 | Spider:3 | 32672 ||| READING 9 scrolls of teleportation.
 32711 | Spider:3 | 32711 ||| Stepping ~*~*~tactically~*~*~ (hiding).
 32747 | Spider:3 | 32747 ||| FLEEEEING.
 32749 | Spider:3 | 32749 ||| FLEEEEING.
 32750 | Spider:3 | 32750 ||| FLEEEEING.
 32751 | Spider:3 | 32751 ||| STAIRDANCE
 32820 | Spider:3 | Reached skill level 15 in Armour
 32956 | Spider:3 | 32956 ||| INVOKING Berserk.
 33026 | Spider:3 | 33026 ||| Stepping ~*~*~tactically~*~*~ (stealth).
 33093 | Spider:3 | 33093 ||| FLEEEEING.
 33246 | Spider:3 | 33246 ||| PLANNING SHOALS:1-3
 33246 | Spider:3 | 33246 ||| DROPPING ring of resist corrosion.
 33330 | Shoals:1 | Entered Level 1 of the Shoals
 33373 | Shoals:1 | 33373 ||| INVOKING Trog's Hand.
 33378 | Shoals:1 | Found a shimmering altar of Xom.
 33382 | Shoals:1 | 33382 ||| INVOKING Berserk.
 33532 | Shoals:1 | Noticed Nikola
 33533 | Shoals:1 | 33533 ||| Stepping ~*~*~tactically~*~*~ (hiding).
 33537 | Shoals:1 | 33537 ||| INVOKING Berserk.
 33553 | Shoals:1 | HP: 17/155 [Nikola/arc of chain lightning (49)]
 33554 | Shoals:1 | 33554 ||| READING 8 scrolls of teleportation.
 33554 | Shoals:1 | HP: 5/155 [Nikola/bolt of lightning (13)]
 33555 | Shoals:1 | 33555 ||| DRINKING 5 potions of heal wounds.
 33556 | Shoals:1 | 33556 ||| DRINKING 4 potions of heal wounds.
 33619 | Shoals:1 | 33619 ||| INVOKING Berserk.
 33912 | Shoals:1 | 33912 ||| INVOKING Berserk.
 33923 | Shoals:1 | Killed Nikola
 34264 | Shoals:1 | Found Henuleh's Weapon Boutique.
 34277 | Shoals:1 | 34277 ||| Stepping ~*~*~tactically~*~*~ (stealth).
 34363 | Shoals:1 | 34363 ||| INVOKING Berserk.
 34616 | Shoals:2 | 34616 ||| Stepping ~*~*~tactically~*~*~ (hiding).
 34617 | Shoals:2 | 34617 ||| Stepping ~*~*~tactically~*~*~ (hiding).
 34654 | Shoals:2 | 34654 ||| Stepping ~*~*~tactically~*~*~ (hiding).
 34779 | Shoals:2 | You fall into a shaft and drop 1 floor!
 34779 | Shoals:3 | Found Xadojoaw's Jewellery Shop.
 34779 | Shoals:3 | Found Wueq's Distillery.
 34780 | Shoals:3 | 34780 ||| INVOKING Trog's Hand.
 34803 | Shoals:3 | 34803 ||| INVOKING Trog's Hand.
 35093 | Shoals:2 | Found a runed translucent gate.
 35093 | Shoals:2 | Found a runed translucent gate.
 35093 | Shoals:2 | Found a runed translucent gate.
 35094 | Shoals:2 | Noticed qw's ghost (adept MiBe)
 35128 | Shoals:2 | 35128 ||| Stepping ~*~*~tactically~*~*~ (hiding).
 35129 | Shoals:2 | 35129 ||| Stepping ~*~*~tactically~*~*~ (hiding).
 35131 | Shoals:2 | 35131 ||| Stepping ~*~*~tactically~*~*~ (hiding).
 35133 | Shoals:2 | 35133 ||| Stepping ~*~*~tactically~*~*~ (hiding).
 35302 | Shoals:2 | 35302 ||| Stepping ~*~*~tactically~*~*~ (water).
 35629 | Shoals:3 | 35629 ||| BUYING ring of poison resistance (260 gold).
 35629 | Shoals:3 | Bought a ring of poison resistance for 260 gold pieces
 35632 | Shoals:3 | 35632 ||| BUYING 2 potions of mutation (288 gold).
 35632 | Shoals:3 | Bought 2 potions of mutation for 288 gold pieces
 35632 | Shoals:3 | 35632 ||| SHOPLISTING 2 potions of resistance (360 gold,
                  | have 278).
 35632 | Shoals:3 | 35632 ||| BUYING potion of haste (180 gold).
 35632 | Shoals:3 | Bought a potion of haste for 180 gold pieces
 35632 | Shoals:3 | 35632 ||| BUYING potion of heal wounds (90 gold).
 35632 | Shoals:3 | Bought a potion of heal wounds for 90 gold pieces
 35632 | Shoals:3 | 35632 ||| SHOPLISTING potion of mutation (144 gold, have
                  | 8).
 35650 | Shoals:3 | 35650 ||| INVOKING Trog's Hand.
 35653 | Shoals:3 | Found Ashoqu Kauqi's Distillery.
 35662 | Shoals:3 | Reached skill level 18 in Fighting
 35682 | Shoals:3 | 35682 ||| SHOPLISTING potion of cancellation (128 gold,
                  | have 8).
 35682 | Shoals:3 | 35682 ||| SHOPLISTING potion of haste (160 gold, have 8).
 35682 | Shoals:3 | 35682 ||| SHOPLISTING potion of mutation (128 gold, have
                  | 8).
 35839 | Shoals:3 | 35839 ||| Stepping ~*~*~tactically~*~*~ (hiding).
 35841 | Shoals:3 | 35841 ||| Stepping ~*~*~tactically~*~*~ (hiding).
 35842 | Shoals:3 | 35842 ||| Stepping ~*~*~tactically~*~*~ (hiding).
 35843 | Shoals:3 | 35843 ||| Stepping ~*~*~tactically~*~*~ (hiding).
 35845 | Shoals:3 | 35845 ||| Stepping ~*~*~tactically~*~*~ (hiding).
 35846 | Shoals:3 | 35846 ||| INVOKING Berserk.
 35870 | Shoals:3 | 35870 ||| Stepping ~*~*~tactically~*~*~ (stealth).
 35872 | Shoals:3 | 35872 ||| Stepping ~*~*~tactically~*~*~ (stealth).
 36013 | Shoals:3 | Reached XP level 17. HP: 163/163 MP: 16/16
 36049 | Shoals:3 | Found Zedub's Antique Weapon Boutique.
 36060 | Shoals:3 | 36060 ||| DROPPING +2 broad axe of flaming.
 36160 | Shoals:3 | Found Tiyraweb's Assorted Antiques.
 36170 | Shoals:3 | 36170 ||| INVOKING Berserk.
 36278 | Shoals:3 | 36278 ||| SHOPLISTING potion of cancellation (216 gold,
                  | have 15).
 36403 | Shoals:3 | 36403 ||| PLANNING SPIDER:4
 36403 | Shoals:3 | 36403 ||| READING 16 scrolls of identify.
 36403 | Shoals:3 | 36403 ||| IDENTIFYING fuming yellow potion
 36404 | Shoals:3 | 36404 ||| DROPPING potion of berserk rage.
 36552 | Spider:3 | 36552 ||| INVOKING Berserk.
 36679 | Spider:4 | Entered Level 4 of the Spider Nest
 36834 | Spider:4 | 36834 ||| Stepping ~*~*~tactically~*~*~ (stealth).
 36906 | Spider:4 | 36906 ||| INVOKING Berserk.
 36992 | Spider:4 | 36992 ||| Stepping ~*~*~tactically~*~*~ (stealth).
 36998 | Spider:4 | 36998 ||| Stepping ~*~*~tactically~*~*~ (stealth).
 37019 | Spider:4 | 37019 ||| Stepping ~*~*~tactically~*~*~ (stealth).
 37023 | Spider:4 | 37023 ||| INVOKING Berserk.
 37159 | Spider:4 | 37159 ||| Stepping ~*~*~tactically~*~*~ (hiding).
 37161 | Spider:4 | 37161 ||| INVOKING Brothers in Arms.
 37162 | Spider:4 | 37162 ||| INVOKING Brothers in Arms.
 37221 | Spider:4 | 37221 ||| INVOKING Berserk.
 37361 | Spider:4 | 37361 ||| Stepping ~*~*~tactically~*~*~ (hiding).
 37365 | Spider:4 | 37365 ||| INVOKING Brothers in Arms.
 37396 | Spider:4 | 37396 ||| Stepping ~*~*~tactically~*~*~ (stealth).
 37399 | Spider:4 | 37399 ||| INVOKING Berserk.
 37459 | Spider:4 | 37459 ||| FLEEEEING.
 37466 | Spider:4 | 37466 ||| INVOKING Berserk.
 37562 | Spider:4 | Noticed Donald
 37563 | Spider:4 | 37563 ||| Stepping ~*~*~tactically~*~*~ (stealth).
 37567 | Spider:4 | 37567 ||| INVOKING Berserk.
 37578 | Spider:4 | Killed Donald
 37606 | Spider:4 | 37606 ||| DRINKING 15 potions of curing.
 37606 | Spider:4 | 37606 ||| (to cure confusion)
 37628 | Spider:4 | 37628 ||| FLEEEEING.
 37629 | Spider:4 | 37629 ||| Stepping ~*~*~tactically~*~*~ (stealth).
 37632 | Spider:4 | 37632 ||| Stepping ~*~*~tactically~*~*~ (stealth).
 37633 | Spider:4 | 37633 ||| Stepping ~*~*~tactically~*~*~ (stealth).
 37639 | Spider:4 | 37639 ||| Stepping ~*~*~tactically~*~*~ (stealth).
 37824 | Spider:4 | 37824 ||| Stepping ~*~*~tactically~*~*~ (stealth).
 37827 | Spider:4 | 37827 ||| Stepping ~*~*~tactically~*~*~ (stealth).
 37832 | Spider:4 | 37832 ||| Stepping ~*~*~tactically~*~*~ (stealth).
 37833 | Spider:4 | 37833 ||| INVOKING Brothers in Arms.
 37845 | Spider:4 | 37845 ||| INVOKING Brothers in Arms.
 37846 | Spider:4 | 37846 ||| INVOKING Brothers in Arms.
 37847 | Spider:4 | 37847 ||| INVOKING Brothers in Arms.
 37991 | Spider:4 | 37991 ||| INVOKING Brothers in Arms.
 37992 | Spider:4 | 37992 ||| INVOKING Brothers in Arms.
 37993 | Spider:4 | 37993 ||| INVOKING Brothers in Arms.
 37994 | Spider:4 | 37994 ||| INVOKING Berserk.
 38007 | Spider:4 | Reached skill level 19 in Fighting
 38011 | Spider:4 | 38011 ||| INVOKING Brothers in Arms.
 38012 | Spider:4 | 38012 ||| INVOKING Brothers in Arms.
 38013 | Spider:4 | 38013 ||| INVOKING Brothers in Arms.
 38068 | Spider:4 | 38068 ||| Stepping ~*~*~tactically~*~*~ (stealth).
 38069 | Spider:4 | 38069 ||| INVOKING Berserk.
 38218 | Spider:4 | 38218 ||| FLEEEEING.
 38219 | Spider:4 | 38219 ||| FLEEEEING.
 38220 | Spider:4 | 38220 ||| FLEEEEING.
 38221 | Spider:4 | 38221 ||| FLEEEEING.
 38222 | Spider:4 | 38222 ||| FLEEEEING.
 38225 | Spider:4 | 38225 ||| FLEEEEING.
 38226 | Spider:4 | 38226 ||| FLEEEEING.
 38270 | Spider:4 | 38270 ||| Stepping ~*~*~tactically~*~*~ (stealth).
 38280 | Spider:4 | 38280 ||| INVOKING Berserk.
 38414 | Spider:4 | 38414 ||| INVOKING Berserk.
 38448 | Spider:4 | 38448 ||| DRINKING 2 potions of cancellation.
 38553 | Spider:4 | Got a gossamer rune of Zot
 38557 | Spider:4 | Identified the +2 pair of boots of the Prince of Darkness
                  | {rCorr Slay+3}
 38693 | Spider:4 | 38693 ||| Stepping ~*~*~tactically~*~*~ (water).
 38723 | Spider:4 | Noticed Arachne
 38727 | Spider:4 | 38727 ||| Stepping ~*~*~tactically~*~*~ (water).
 38736 | Spider:4 | Killed Arachne
 38777 | Spider:4 | Identified the ring "Juloont" {Fly rElec rC+ Str+5}
 38980 | Spider:4 | 38980 ||| PLANNING VAULTS:1-4
 38980 | Spider:4 | 38980 ||| DROPPING scarf of shadows.
 38981 | Spider:4 | 38981 ||| UPGRADING to +2 pair of boots of the Prince of
                  | Darkness {rCorr Slay+3}.
 38991 | Spider:4 | 38991 ||| DROPPING +1 pair of boots.
 38992 | Spider:4 | 38992 ||| DROPPING scarf of repulsion.
 38993 | Spider:4 | 38993 ||| UPGRADING to ring "Juloont" {Fly rElec rC+
                  | Str+5}.
 38995 | Spider:4 | 38995 ||| DROPPING ring of see invisible.
 39163 | Vaults:1 | Entered Level 1 of the Vaults
 39240 | Vaults:1 | 39240 ||| INVOKING Trog's Hand.
 39246 | Vaults:1 | 39246 ||| Stepping ~*~*~tactically~*~*~ (hiding).
 39266 | Vaults:1 | Reached skill level 9 in Dodging
 39271 | Vaults:1 | 39271 ||| INVOKING Berserk.
 39673 | Vaults:1 | 39673 ||| INVOKING Berserk.
 39684 | Vaults:1 | 39684 ||| Stepping ~*~*~tactically~*~*~ (stealth).
 39697 | Vaults:1 | 39697 ||| Stepping ~*~*~tactically~*~*~ (stealth).
 39917 | Vaults:1 | 39917 ||| INVOKING Trog's Hand.
 40281 | Vaults:1 | 40281 ||| Stepping ~*~*~tactically~*~*~ (hiding).
 40367 | Vaults:1 | 40367 ||| Stepping ~*~*~tactically~*~*~ (stealth).
 40370 | Vaults:1 | 40370 ||| INVOKING Trog's Hand.
 40374 | Vaults:1 | 40374 ||| INVOKING Berserk.
 40589 | Vaults:1 | 40589 ||| Stepping ~*~*~tactically~*~*~ (hiding).
 40613 | Vaults:1 | Reached skill level 20 in Fighting
 40940 | Vaults:1 | 40940 ||| READING 15 scrolls of identify.
 40940 | Vaults:1 | 40940 ||| IDENTIFYING green potion
 40941 | Vaults:1 | 40941 ||| DROPPING potion of brilliance.
 40996 | Vaults:2 | 40996 ||| Stepping ~*~*~tactically~*~*~ (stealth).
 41015 | Vaults:2 | Reached XP level 18. HP: 139/178 MP: 17/17
 41192 | Vaults:2 | 41192 ||| INVOKING Trog's Hand.
 41208 | Vaults:2 | 41208 ||| FLEEEEING.
 41209 | Vaults:2 | 41209 ||| FLEEEEING.
 41210 | Vaults:2 | 41210 ||| FLEEEEING.
 41211 | Vaults:2 | 41211 ||| FLEEEEING.
 41212 | Vaults:2 | 41212 ||| FLEEEEING.
 41213 | Vaults:2 | 41213 ||| FLEEEEING.
 41214 | Vaults:2 | 41214 ||| FLEEEEING.
 41215 | Vaults:2 | 41215 ||| FLEEEEING.
 41216 | Vaults:2 | 41216 ||| FLEEEEING.
 41217 | Vaults:2 | 41217 ||| FLEEEEING.
 41218 | Vaults:2 | 41218 ||| FLEEEEING.
 41219 | Vaults:2 | 41219 ||| FLEEEEING.
 41220 | Vaults:2 | 41220 ||| FLEEEEING.
 41221 | Vaults:2 | 41221 ||| FLEEEEING.
 41233 | Vaults:2 | 41233 ||| FLEEEEING.
 41234 | Vaults:2 | 41234 ||| FLEEEEING.
 41235 | Vaults:2 | 41235 ||| Stepping ~*~*~tactically~*~*~ (stealth).
 41240 | Vaults:2 | 41240 ||| FLEEEEING.
 41241 | Vaults:2 | 41241 ||| STAIRDANCE
 41348 | Vaults:2 | 41348 ||| STAIRDANCE
 41387 | Vaults:2 | 41387 ||| STAIRDANCE
 41418 | Vaults:2 | 41418 ||| STAIRDANCE
 41420 | Vaults:1 | 41420 ||| INVOKING Trog's Hand.
 41430 | Vaults:1 | Reached skill level 18 in Armour
 41532 | Vaults:2 | 41532 ||| STAIRDANCE
 41559 | Vaults:2 | 41559 ||| READING 8 scrolls of teleportation.
 41562 | Vaults:2 | 41562 ||| Stepping ~*~*~tactically~*~*~ (hiding).
 41667 | Vaults:2 | 41667 ||| INVOKING Trog's Hand.
 41696 | Vaults:2 | 41696 ||| Stepping ~*~*~tactically~*~*~ (hiding).
 41699 | Vaults:2 | 41699 ||| Stepping ~*~*~tactically~*~*~ (hiding).
 42301 | Vaults:2 | Reached skill level 21 in Shields
 42635 | Vaults:2 | 42635 ||| INVOKING Berserk.
 42842 | Vaults:2 | 42842 ||| INVOKING Trog's Hand.
 42903 | Vaults:3 | 42903 ||| Stepping ~*~*~tactically~*~*~ (hiding).
 43026 | Vaults:3 | 43026 ||| INVOKING Trog's Hand.
 43117 | Vaults:3 | 43117 ||| Stepping ~*~*~tactically~*~*~ (stealth).
 43119 | Vaults:3 | 43119 ||| INVOKING Trog's Hand.
 43136 | Vaults:3 | 43136 ||| INVOKING Trog's Hand.
 43140 | Vaults:3 | 43140 ||| FLEEEEING.
 43141 | Vaults:3 | 43141 ||| FLEEEEING.
 43153 | Vaults:3 | 43153 ||| FLEEEEING.
 43156 | Vaults:3 | 43156 ||| STAIRDANCE
 43260 | Vaults:3 | 43260 ||| Stepping ~*~*~tactically~*~*~ (hiding).
 43264 | Vaults:3 | 43264 ||| INVOKING Berserk.
 43290 | Vaults:3 | 43290 ||| FLEEEEING.
 43291 | Vaults:3 | 43291 ||| FLEEEEING.
 43292 | Vaults:3 | 43292 ||| FLEEEEING.
 43293 | Vaults:3 | 43293 ||| FLEEEEING.
 43295 | Vaults:3 | 43295 ||| STAIRDANCE
 43295 | Abyss:2  | Cast into level 2 of the Abyss (a wizard)
 43304 | Vaults:3 | Escaped the Abyss
 43305 | Vaults:3 | 43305 ||| STAIRDANCE
 43514 | Vaults:3 | 43514 ||| Stepping ~*~*~tactically~*~*~ (hiding).
 43544 | Vaults:3 | Reached skill level 21 in Fighting
 43553 | Vaults:3 | Received a gift from Trog
 43575 | Vaults:3 | 43575 ||| DROPPING +5 broad axe of flaming.
 43604 | Vaults:3 | 43604 ||| Stepping ~*~*~tactically~*~*~ (hiding).
 43605 | Vaults:3 | 43605 ||| Stepping ~*~*~tactically~*~*~ (hiding).
 43753 | Vaults:3 | 43753 ||| INVOKING Trog's Hand.
 43809 | Vaults:3 | 43809 ||| Stepping ~*~*~tactically~*~*~ (stealth).
 43813 | Vaults:3 | 43813 ||| INVOKING Trog's Hand.
 43821 | Vaults:3 | 43821 ||| Stepping ~*~*~tactically~*~*~ (stealth).
 43823 | Vaults:3 | 43823 ||| Stepping ~*~*~tactically~*~*~ (stealth).
 43877 | Vaults:3 | Found a staircase to the Crypt.
 43877 | Vaults:3 | Found an ancient bone altar of Kikubaaqudgha.
 43878 | Vaults:3 | Found a basalt altar of Yredelemnul.
 43898 | Vaults:3 | 43898 ||| INVOKING Trog's Hand.
 43947 | Vaults:3 | 43947 ||| Stepping ~*~*~tactically~*~*~ (hiding).
 44060 | Vaults:3 | Found Poamasmiczu's Book Shoppe.
 44279 | Abyss:2  | Cast into level 2 of the Abyss (a wizard)
 44353 | Vaults:3 | Escaped the Abyss
 44492 | Vaults:4 | 44492 ||| STAIRDANCE
 44500 | Vaults:3 | Reached skill level 9 in Throwing
 44595 | Vaults:4 | 44595 ||| Stepping ~*~*~tactically~*~*~ (stealth).
 44597 | Vaults:4 | 44597 ||| INVOKING Trog's Hand.
 44618 | Vaults:4 | 44618 ||| Stepping ~*~*~tactically~*~*~ (hiding).
 44633 | Vaults:4 | 44633 ||| INVOKING Trog's Hand.
 44636 | Vaults:4 | Reached XP level 19. HP: 130/189 MP: 18/18
 44795 | Vaults:4 | 44795 ||| Stepping ~*~*~tactically~*~*~ (hiding).
 44843 | Vaults:4 | 44843 ||| Stepping ~*~*~tactically~*~*~ (hiding).
 44850 | Vaults:4 | 44850 ||| Stepping ~*~*~tactically~*~*~ (hiding).
 44857 | Vaults:4 | 44857 ||| INVOKING Trog's Hand.
 44905 | Vaults:4 | 44905 ||| INVOKING Trog's Hand.
 44920 | Vaults:4 | 44920 ||| INVOKING Berserk.
 45277 | Vaults:4 | 45277 ||| Stepping ~*~*~tactically~*~*~ (hiding).
 45279 | Vaults:4 | 45279 ||| INVOKING Trog's Hand.
 45285 | Vaults:4 | 45285 ||| Stepping ~*~*~tactically~*~*~ (hiding).
 45441 | Vaults:4 | 45441 ||| Stepping ~*~*~tactically~*~*~ (stealth).
 45451 | Vaults:4 | 45451 ||| Stepping ~*~*~tactically~*~*~ (stealth).
 45466 | Vaults:4 | 45466 ||| Stepping ~*~*~tactically~*~*~ (hiding).
 45472 | Vaults:4 | Reached skill level 12 in Throwing
 45666 | Vaults:4 | 45666 ||| Stepping ~*~*~tactically~*~*~ (hiding).
 45671 | Vaults:4 | 45671 ||| INVOKING Trog's Hand.
 45880 | Vaults:4 | 45880 ||| INVOKING Berserk.
 46054 | Vaults:4 | 46054 ||| READING scroll of enchant armour.
 46054 | Vaults:4 | 46054 ||| ENCHANTING +4 plate armour of poison resistance.
 46094 | Vaults:4 | Found a large runed translucent door.
 46094 | Vaults:4 | Found a large runed translucent door.
 46094 | Vaults:4 | Noticed qw's ghost (veteran GrFi)
 46118 | Vaults:4 | 46118 ||| INVOKING Trog's Hand.
 46128 | Vaults:4 | 46128 ||| INVOKING Berserk.
 46134 | Vaults:4 | Noticed a dread lich
 46150 | Vaults:4 | HP: 55/285 [something (20)]
 46155 | Vaults:4 | Killed a dread lich
 46155 | Vaults:4 | Reached ****** piety under Trog
 46531 | Vaults:4 | 46531 ||| Stepping ~*~*~tactically~*~*~ (stealth).
 46539 | Vaults:4 | Received a gift from Trog
 46555 | Vaults:4 | Reached skill level 22 in Fighting
 46723 | Vaults:4 | Found Fuj Irra's Weapon Emporium.
 46724 | Vaults:4 | 46724 ||| INVOKING Trog's Hand.
 47133 | Vaults:4 | 47133 ||| PLANNING SHOALS:4
 47403 | Shoals:4 | Entered Level 4 of the Shoals
 47417 | Shoals:4 | Paralysed by an air elemental for 1 turns
 47418 | Shoals:4 | 47418 ||| INVOKING Berserk.
 47439 | Shoals:4 | 47439 ||| INVOKING Brothers in Arms.
 47464 | Shoals:4 | 47464 ||| INVOKING Berserk.
 47564 | Shoals:4 | 47564 ||| Stepping ~*~*~tactically~*~*~ (hiding).
 47584 | Shoals:4 | 47584 ||| INVOKING Berserk.
 47613 | Shoals:4 | 47613 ||| INVOKING Brothers in Arms.
 47614 | Shoals:4 | 47614 ||| INVOKING Brothers in Arms.
 47633 | Shoals:4 | Paralysed by an air elemental for 1 turns
 47645 | Shoals:4 | 47645 ||| INVOKING Brothers in Arms.
 47651 | Shoals:4 | 47651 ||| INVOKING Trog's Hand.
 47655 | Shoals:4 | 47655 ||| INVOKING Berserk.
 47830 | Shoals:4 | 47830 ||| INVOKING Trog's Hand.
 47831 | Shoals:4 | 47831 ||| INVOKING Brothers in Arms.
 47833 | Shoals:4 | Identified the +1 robe of Xom's Indignation {Dex+7}
 47847 | Shoals:4 | 47847 ||| INVOKING Berserk.
 47978 | Shoals:4 | 47978 ||| INVOKING Berserk.
 48065 | Shoals:4 | Got a barnacled rune of Zot
 48067 | Shoals:4 | 48067 ||| Stepping ~*~*~tactically~*~*~ (stealth).
 48089 | Shoals:4 | 48089 ||| Stepping ~*~*~tactically~*~*~ (stealth).
 48125 | Shoals:4 | 48125 ||| INVOKING Berserk.
 48249 | Shoals:4 | 48249 ||| INVOKING Berserk.
 48411 | Shoals:4 | 48411 ||| INVOKING Trog's Hand.
 48415 | Shoals:4 | 48415 ||| INVOKING Berserk.
 48583 | Shoals:4 | 48583 ||| Stepping ~*~*~tactically~*~*~ (hiding).
 48588 | Shoals:4 | 48588 ||| INVOKING Berserk.
 48643 | Shoals:4 | 48643 ||| INVOKING Berserk.
 48841 | Shoals:4 | Paralysed by an air elemental for 1 turns
 48849 | Shoals:4 | Reached XP level 20. HP: 178/200 MP: 19/19
 48862 | Shoals:4 | 48862 ||| FLEEEEING.
 48929 | Shoals:4 | 48929 ||| INVOKING Brothers in Arms.
 48930 | Shoals:4 | 48930 ||| INVOKING Brothers in Arms.
 48931 | Shoals:4 | 48931 ||| FLEEEEING.
 48932 | Shoals:4 | 48932 ||| Stepping ~*~*~tactically~*~*~ (hiding).
 48937 | Shoals:4 | 48937 ||| INVOKING Brothers in Arms.
 48938 | Shoals:4 | 48938 ||| INVOKING Berserk.
 49053 | Shoals:4 | 49053 ||| Stepping ~*~*~tactically~*~*~ (hiding).
 49054 | Shoals:4 | 49054 ||| Stepping ~*~*~tactically~*~*~ (hiding).
 49333 | Shoals:4 | 49333 ||| PLANNING DEPTHS
 49333 | Shoals:4 | 49333 ||| DROPPING amulet of guardian spirit.
 49334 | Shoals:4 | 49334 ||| DROPPING ring of poison resistance.
 49597 | Depths:1 | Entered Level 1 of the Depths
 49786 | Depths:1 | 49786 ||| INVOKING Berserk.
 49897 | Depths:1 | Found a one-way gate to the infinite horrors of the Abyss.
 49951 | Depths:1 | 49951 ||| INVOKING Brothers in Arms.
 49953 | Depths:1 | 49953 ||| INVOKING Berserk.
 50156 | Depths:1 | Found Naxetoly's Antique Armour Boutique.
 50163 | Depths:1 | 50163 ||| BUYING pair of embroidered gloves (292 gold).
 50163 | Depths:1 | Bought a pair of embroidered gloves for 292 gold pieces
 50163 | Depths:1 | 50163 ||| BUYING pair of runed boots (292 gold).
 50163 | Depths:1 | Bought a pair of runed boots for 292 gold pieces
 50288 | Depths:1 | Found Lash's Jewellery Emporium.
 50290 | Depths:1 | Found Queziyvo's Book Boutique.
 50292 | Depths:1 | Found Cuh Uhau's Jewellery Emporium.
 50416 | Depths:1 | Paralysed by a floating eye for 4 turns
 50560 | Depths:1 | 50560 ||| Stepping ~*~*~tactically~*~*~ (hiding).
 50561 | Depths:1 | 50561 ||| Stepping ~*~*~tactically~*~*~ (hiding).
 50677 | Depths:1 | Found a broken altar of Ashenzari.
 50687 | Depths:1 | 50687 ||| Stepping ~*~*~tactically~*~*~ (hiding).
 50700 | Depths:1 | 50700 ||| Stepping ~*~*~tactically~*~*~ (hiding).
 50723 | Depths:1 | Found a gateway to Hell.
 50769 | Depths:1 | Identified the +2 pair of gloves of the Dungeon {Fly rF+++
                  | Will- Regen+}
 50831 | Depths:1 | 50831 ||| INVOKING Brothers in Arms.
 50832 | Depths:1 | 50832 ||| INVOKING Berserk.
 51081 | Depths:1 | 51081 ||| DROPPING +2 pair of gloves of infusion.
 51082 | Depths:1 | 51082 ||| DROPPING +2 pair of boots.
 51083 | Depths:1 | 51083 ||| UPGRADING to +2 pair of gloves of the Dungeon
                  | {Fly rF+++ Will- Regen+}.
 51093 | Depths:1 | 51093 ||| UPGRADING to +2 cloak.
 51103 | Depths:1 | 51103 ||| DROPPING +2 pair of gloves.
 51104 | Depths:1 | 51104 ||| DROPPING +4 ring of slaying {mikee}.
 51169 | Depths:2 | 51169 ||| STAIRDANCE
 51182 | Depths:2 | 51182 ||| STAIRDANCE
 51190 | Depths:2 | 51190 ||| STAIRDANCE
 51209 | Depths:2 | 51209 ||| STAIRDANCE
 51225 | Depths:2 | 51225 ||| STAIRDANCE
 51234 | Depths:2 | 51234 ||| STAIRDANCE
 51243 | Depths:2 | 51243 ||| STAIRDANCE
 51258 | Depths:2 | 51258 ||| STAIRDANCE
 51276 | Depths:2 | 51276 ||| STAIRDANCE
 51385 | Depths:2 | 51385 ||| Stepping ~*~*~tactically~*~*~ (stealth).
 51388 | Depths:2 | 51388 ||| INVOKING Trog's Hand.
 51485 | Depths:2 | 51485 ||| Stepping ~*~*~tactically~*~*~ (hiding).
 51510 | Depths:2 | 51510 ||| INVOKING Brothers in Arms.
 51513 | Depths:2 | 51513 ||| INVOKING Berserk.
 51686 | Depths:2 | 51686 ||| Stepping ~*~*~tactically~*~*~ (hiding).
 51706 | Depths:2 | 51706 ||| Stepping ~*~*~tactically~*~*~ (hiding).
 51714 | Depths:2 | Reached skill level 21 in Armour
 51783 | Depths:2 | 51783 ||| Stepping ~*~*~tactically~*~*~ (stealth).
 51786 | Depths:2 | 51786 ||| Stepping ~*~*~tactically~*~*~ (stealth).
 51787 | Depths:2 | 51787 ||| Stepping ~*~*~tactically~*~*~ (stealth).
 51792 | Depths:2 | 51792 ||| Stepping ~*~*~tactically~*~*~ (stealth).
 51793 | Depths:2 | 51793 ||| Stepping ~*~*~tactically~*~*~ (stealth).
 51801 | Depths:2 | Found a one-way gate leading to the halls of Pandemonium.
 51802 | Depths:2 | 51802 ||| Stepping ~*~*~tactically~*~*~ (hiding).
 51962 | Depths:2 | 51962 ||| Stepping ~*~*~tactically~*~*~ (stealth).
 51981 | Depths:2 | Reached skill level 23 in Fighting
 51987 | Depths:2 | 51987 ||| Stepping ~*~*~tactically~*~*~ (hiding).
 52000 | Depths:2 | 52000 ||| Stepping ~*~*~tactically~*~*~ (stealth).
 52001 | Depths:2 | 52001 ||| Stepping ~*~*~tactically~*~*~ (stealth).
 52089 | Depths:2 | 52089 ||| Stepping ~*~*~tactically~*~*~ (hiding).
 52206 | Depths:2 | Found a one-way gateway to a ziggurat.
 52277 | Depths:2 | Found a runed translucent door.
 52277 | Depths:2 | Found a runed translucent door.
 52441 | Depths:2 | 52441 ||| Stepping ~*~*~tactically~*~*~ (hiding).
 52442 | Depths:2 | 52442 ||| Stepping ~*~*~tactically~*~*~ (hiding).
 52959 | Depths:3 | 52959 ||| INVOKING Brothers in Arms.
 52960 | Depths:3 | 52960 ||| INVOKING Berserk.
 53081 | Depths:3 | Noticed a caustic shrike
 53083 | Depths:3 | 53083 ||| Stepping ~*~*~tactically~*~*~ (stealth).
 53084 | Depths:3 | 53084 ||| Stepping ~*~*~tactically~*~*~ (stealth).
 53085 | Depths:3 | 53085 ||| INVOKING Brothers in Arms.
 53086 | Depths:3 | 53086 ||| INVOKING Berserk.
 53091 | Depths:3 | Killed a caustic shrike
 53185 | Depths:3 | Noticed a caustic shrike
 53186 | Depths:3 | 53186 ||| INVOKING Brothers in Arms.
 53188 | Depths:3 | 53188 ||| INVOKING Berserk.
 53193 | Depths:3 | Killed a caustic shrike
 53306 | Depths:3 | 53306 ||| INVOKING Berserk.
 53564 | Depths:3 | 53564 ||| Stepping ~*~*~tactically~*~*~ (hiding).
 53567 | Depths:3 | Noticed Mennas
 53568 | Depths:3 | 53568 ||| INVOKING Berserk.
 53592 | Depths:3 | Killed Mennas
 53593 | Depths:3 | Reached XP level 21. HP: 211/211 MP: 20/20
 53742 | Depths:3 | 53742 ||| Stepping ~*~*~tactically~*~*~ (hiding).
 53778 | Depths:3 | 53778 ||| Stepping ~*~*~tactically~*~*~ (hiding).
 53779 | Depths:3 | 53779 ||| Stepping ~*~*~tactically~*~*~ (hiding).
 53793 | Depths:3 | 53793 ||| Stepping ~*~*~tactically~*~*~ (hiding).
 53823 | Depths:3 | 53823 ||| Stepping ~*~*~tactically~*~*~ (stealth).
 53836 | Depths:3 | 53836 ||| INVOKING Brothers in Arms.
 53837 | Depths:3 | 53837 ||| INVOKING Brothers in Arms.
 53845 | Depths:3 | 53845 ||| INVOKING Trog's Hand.
 53846 | Depths:3 | 53846 ||| INVOKING Berserk.
 54205 | Depths:3 | 54205 ||| Stepping ~*~*~tactically~*~*~ (hiding).
 54206 | Depths:3 | 54206 ||| Stepping ~*~*~tactically~*~*~ (hiding).
 54224 | Depths:3 | 54224 ||| Stepping ~*~*~tactically~*~*~ (hiding).
 54343 | Depths:3 | 54343 ||| Stepping ~*~*~tactically~*~*~ (hiding).
 54722 | Depths:4 | Entered Level 4 of the Depths
 54723 | Depths:4 | 54723 ||| Stepping ~*~*~tactically~*~*~ (hiding).
 54726 | Depths:4 | 54726 ||| INVOKING Berserk.
 54873 | Depths:4 | 54873 ||| Stepping ~*~*~tactically~*~*~ (hiding).
 54878 | Depths:4 | 54878 ||| INVOKING Berserk.
 54956 | Depths:4 | 54956 ||| Stepping ~*~*~tactically~*~*~ (stealth).
 54957 | Depths:4 | 54957 ||| Stepping ~*~*~tactically~*~*~ (stealth).
 54969 | Depths:4 | Reached skill level 24 in Fighting
 54977 | Depths:4 | 54977 ||| INVOKING Brothers in Arms.
 54997 | Depths:4 | 54997 ||| FLEEEEING.
 54998 | Depths:4 | 54998 ||| FLEEEEING.
 54999 | Depths:4 | 54999 ||| FLEEEEING.
 55000 | Depths:4 | 55000 ||| FLEEEEING.
 55001 | Depths:4 | 55001 ||| FLEEEEING.
 55002 | Depths:4 | 55002 ||| FLEEEEING.
 55005 | Depths:4 | 55005 ||| FLEEEEING.
 55006 | Depths:4 | 55006 ||| FLEEEEING.
 55007 | Depths:4 | 55007 ||| FLEEEEING.
 55008 | Depths:4 | 55008 ||| FLEEEEING.
 55013 | Depths:4 | 55013 ||| FLEEEEING.
 55014 | Depths:4 | 55014 ||| FLEEEEING.
 55015 | Depths:4 | 55015 ||| FLEEEEING.
 55016 | Depths:4 | 55016 ||| FLEEEEING.
 55017 | Depths:4 | 55017 ||| FLEEEEING.
 55018 | Depths:4 | 55018 ||| FLEEEEING.
 55019 | Depths:4 | 55019 ||| FLEEEEING.
 55024 | Depths:4 | 55024 ||| FLEEEEING.
 55025 | Depths:4 | 55025 ||| FLEEEEING.
 55026 | Depths:4 | 55026 ||| FLEEEEING.
 55027 | Depths:4 | 55027 ||| FLEEEEING.
 55031 | Depths:4 | 55031 ||| FLEEEEING.
 55040 | Depths:4 | 55040 ||| STAIRDANCE
 55073 | Depths:4 | 55073 ||| Stepping ~*~*~tactically~*~*~ (hiding).
 55149 | Depths:4 | 55149 ||| INVOKING Berserk.
 55202 | Depths:4 | 55202 ||| FLEEEEING.
 55203 | Depths:4 | 55203 ||| FLEEEEING.
 55204 | Depths:4 | 55204 ||| FLEEEEING.
 55205 | Depths:4 | 55205 ||| FLEEEEING.
 55206 | Depths:4 | 55206 ||| FLEEEEING.
 55207 | Depths:4 | 55207 ||| FLEEEEING.
 55208 | Depths:4 | 55208 ||| FLEEEEING.
 55209 | Depths:4 | 55209 ||| FLEEEEING.
 55210 | Depths:4 | 55210 ||| FLEEEEING.
 55294 | Depths:4 | 55294 ||| Stepping ~*~*~tactically~*~*~ (hiding).
 55321 | Depths:4 | 55321 ||| Stepping ~*~*~tactically~*~*~ (stealth).
 55323 | Depths:4 | 55323 ||| INVOKING Trog's Hand.
 55324 | Depths:4 | 55324 ||| INVOKING Brothers in Arms.
 55325 | Depths:4 | 55325 ||| INVOKING Berserk.
 55361 | Depths:4 | 55361 ||| Stepping ~*~*~tactically~*~*~ (hiding).
 55507 | Depths:4 | Noticed a golden dragon
 55508 | Depths:4 | 55508 ||| INVOKING Brothers in Arms.
 55509 | Depths:4 | 55509 ||| INVOKING Berserk.
 55512 | Depths:4 | Killed a golden dragon
 55676 | Depths:4 | 55676 ||| Stepping ~*~*~tactically~*~*~ (stealth).
 55685 | Depths:4 | Reached skill level 12 in Dodging
 55858 | Depths:4 | Found a gate to the Realm of Zot.
 55914 | Depths:4 | 55914 ||| PLANNING VAULTS:5
 56237 | Vaults:5 | Entered Level 5 of the Vaults
 56239 | Vaults:5 | 56239 ||| STAIRDANCE
 56323 | Vaults:5 | 56323 ||| STAIRDANCE
 56453 | Vaults:5 | 56453 ||| STAIRDANCE
 56575 | Vaults:5 | 56575 ||| STAIRDANCE
 56650 | Vaults:5 | 56650 ||| INVOKING Trog's Hand.
 56656 | Vaults:5 | Reached skill level 25 in Fighting
 56679 | Vaults:5 | 56679 ||| Stepping ~*~*~tactically~*~*~ (hiding).
 56695 | Vaults:5 | 56695 ||| Stepping ~*~*~tactically~*~*~ (hiding).
 56697 | Vaults:5 | 56697 ||| INVOKING Berserk.
 56727 | Vaults:5 | 56727 ||| INVOKING Brothers in Arms.
 56728 | Vaults:5 | 56728 ||| INVOKING Brothers in Arms.
 56883 | Vaults:5 | 56883 ||| FLEEEEING.
 56884 | Vaults:5 | 56884 ||| FLEEEEING.
 56885 | Vaults:5 | 56885 ||| FLEEEEING.
 56887 | Vaults:5 | 56887 ||| FLEEEEING.
 56888 | Vaults:5 | 56888 ||| FLEEEEING.
 56889 | Vaults:5 | 56889 ||| FLEEEEING.
 56890 | Vaults:5 | 56890 ||| FLEEEEING.
 56891 | Vaults:5 | 56891 ||| FLEEEEING.
 56903 | Vaults:5 | 56903 ||| FLEEEEING.
 56904 | Vaults:5 | 56904 ||| FLEEEEING.
 56905 | Vaults:5 | 56905 ||| FLEEEEING.
 56906 | Vaults:5 | 56906 ||| FLEEEEING.
 56907 | Vaults:5 | 56907 ||| FLEEEEING.
 56908 | Vaults:5 | 56908 ||| FLEEEEING.
 56909 | Vaults:5 | 56909 ||| FLEEEEING.
 56916 | Vaults:5 | 56916 ||| STAIRDANCE
 57018 | Vaults:5 | 57018 ||| INVOKING Berserk.
 57027 | Vaults:5 | 57027 ||| FLEEEEING.
 57028 | Vaults:5 | 57028 ||| FLEEEEING.
 57029 | Vaults:5 | 57029 ||| FLEEEEING.
 57030 | Vaults:5 | 57030 ||| FLEEEEING.
 57031 | Vaults:5 | 57031 ||| FLEEEEING.
 57032 | Vaults:5 | 57032 ||| FLEEEEING.
 57033 | Vaults:5 | 57033 ||| FLEEEEING.
 57034 | Vaults:5 | 57034 ||| FLEEEEING.
 57035 | Vaults:5 | 57035 ||| FLEEEEING.
 57036 | Vaults:5 | 57036 ||| FLEEEEING.
 57037 | Vaults:5 | 57037 ||| FLEEEEING.
 57045 | Vaults:5 | 57045 ||| STAIRDANCE
 57244 | Vaults:5 | 57244 ||| INVOKING Trog's Hand.
 57246 | Vaults:5 | 57246 ||| INVOKING Berserk.
 57266 | Vaults:5 | 57266 ||| INVOKING Brothers in Arms.
 57270 | Vaults:5 | 57270 ||| INVOKING Brothers in Arms.
 57274 | Vaults:5 | 57274 ||| INVOKING Trog's Hand.
 57309 | Vaults:5 | Reached XP level 22. HP: 183/226 MP: 21/21
 57320 | Vaults:5 | Noticed a golden dragon
 57321 | Vaults:5 | 57321 ||| Stepping ~*~*~tactically~*~*~ (stealth).
 57325 | Vaults:5 | 57325 ||| Stepping ~*~*~tactically~*~*~ (stealth).
 57388 | Vaults:5 | Identified the +7 falchion of Famine {flame, Will+ Str+2
                  | Int+7 Dex-4}
 57425 | Vaults:5 | 57425 ||| INVOKING Berserk.
 57549 | Vaults:5 | 57549 ||| INVOKING Berserk.
 57736 | Vaults:5 | 57736 ||| Stepping ~*~*~tactically~*~*~ (hiding).
 57747 | Vaults:5 | 57747 ||| INVOKING Berserk.
 57924 | Vaults:5 | Identified the +11 quarterstaff of the Philosopher {freeze,
                  | Str+4}
 57986 | Vaults:5 | Found the +11 plutonium sword {Contam Stlth-}
 57987 | Vaults:5 | Noticed a dread lich
 57988 | Vaults:5 | 57988 ||| INVOKING Trog's Hand.
 57995 | Vaults:5 | Killed a dread lich
 58019 | Vaults:5 | 58019 ||| READING scroll of enchant armour.
 58019 | Vaults:5 | 58019 ||| ENCHANTING +5 plate armour of poison resistance.
 58023 | Vaults:5 | Identified the +2 great mace of the Smoking Gods {venom,
                  | rN+ rCorr Dex+2}
 58050 | Vaults:5 | 58050 ||| INVOKING Trog's Hand.
 58063 | Vaults:5 | Noticed an ancient lich
 58064 | Vaults:5 | 58064 ||| INVOKING Trog's Hand.
 58066 | Vaults:5 | 58066 ||| INVOKING Berserk.
 58075 | Vaults:5 | Killed an ancient lich
 58097 | Vaults:5 | 58097 ||| INVOKING Trog's Hand.
 58105 | Vaults:5 | 58105 ||| INVOKING Brothers in Arms.
 58134 | Vaults:5 | 58134 ||| INVOKING Berserk.
 58135 | Vaults:5 | Killed a golden dragon
 58314 | Vaults:5 | Found Byng's Magic Scroll Emporium.
 58314 | Vaults:5 | Found Qewiyj's Jewellery Boutique.
 58321 | Vaults:5 | 58321 ||| BUYING scroll of enchant armour (112 gold).
 58321 | Vaults:5 | Bought a scroll of enchant armour for 112 gold pieces
 58321 | Vaults:5 | 58321 ||| BUYING scroll of teleportation (45 gold).
 58321 | Vaults:5 | Bought a scroll of teleportation for 45 gold pieces
 58321 | Vaults:5 | 58321 ||| READING scroll of enchant armour.
 58321 | Vaults:5 | 58321 ||| ENCHANTING +6 plate armour of poison resistance.
 58326 | Vaults:5 | 58326 ||| BUYING ring "Wuohiriv" {rPois Will++ Str-5 SInv
                  | Stlth+} (552 gold).
 58326 | Vaults:5 | Bought the ring "Wuohiriv" {rPois Will++ Str-5 SInv Stlth+}
                  | for 552 gold pieces
 58326 | Vaults:5 | 58326 ||| BUYING ring of protection from fire (425 gold).
 58326 | Vaults:5 | Bought a ring of protection from fire for 425 gold pieces
 58326 | Vaults:5 | Found Withauc's Jewellery Shoppe.
 58330 | Vaults:5 | Got a silver rune of Zot
 58355 | Vaults:5 | 58355 ||| FLEEEEING.
 58356 | Vaults:5 | 58356 ||| FLEEEEING.
 58429 | Vaults:5 | Found Giekhuge's Magic Scroll Shop.
 58430 | Vaults:5 | 58430 ||| Stepping ~*~*~tactically~*~*~ (stealth).
 58431 | Vaults:5 | 58431 ||| Stepping ~*~*~tactically~*~*~ (stealth).
 58432 | Vaults:5 | 58432 ||| Stepping ~*~*~tactically~*~*~ (stealth).
 58433 | Vaults:5 | 58433 ||| INVOKING Berserk.
 58551 | Vaults:5 | 58551 ||| BUYING scroll of enchant armour (157 gold).
 58551 | Vaults:5 | Bought a scroll of enchant armour for 157 gold pieces
 58551 | Vaults:5 | 58551 ||| SHOPLISTING scroll of enchant weapon (157 gold,
                  | have 53).
 58551 | Vaults:5 | 58551 ||| SHOPLISTING scroll of teleportation (63 gold,
                  | have 53).
 58551 | Vaults:5 | 58551 ||| READING scroll of enchant armour.
 58551 | Vaults:5 | 58551 ||| ENCHANTING +7 plate armour of poison resistance.
 58869 | Vaults:5 | 58869 ||| PLANNING SHOPPING SPREE
 58869 | Vaults:5 | 58869 ||| DROPPING +0 crystal plate armour.
 58870 | Vaults:5 | 58870 ||| DROPPING ring of willpower.
 58871 | Vaults:5 | 58871 ||| DROPPING ring of fire.
 58872 | Vaults:5 | 58872 ||| UPGRADING to ring "Wuohiriv" {rPois Will++ Str-5
                  | SInv Stlth+}.
 58939 | Vaults:5 | 58939 ||| BUYING scroll of teleportation (63 gold).
 58939 | Vaults:5 | Bought a scroll of teleportation for 63 gold pieces
 58939 | Vaults:5 | 58939 ||| SHOPLISTING scroll of teleportation (63 gold,
                  | have 0).
 58939 | Vaults:5 | 58939 ||| CLEARING SHOPPING LIST
 58939 | Vaults:5 | 58939 ||| PLANNING ZOT:1-4
 58939 | Vaults:5 | 58939 ||| READING 11 scrolls of teleportation.
 59291 | Zot:1    | Entered Level 1 of the Realm of Zot
 59301 | Zot:1    | Noticed an orb of fire
 59302 | Zot:1    | 59302 ||| INVOKING Berserk.
 59304 | Zot:1    | HP: 79/334 [orb of fire/bolt of fire (10)]
 59309 | Zot:1    | HP: 72/339 [poisoned by a green draconian (blast of
                  | poison)]
 59312 | Zot:1    | Noticed an orb of fire
 59314 | Zot:1    | HP: 73/339 [poisoned by a green draconian (blast of
                  | poison)]
 59316 | Zot:1    | Killed an orb of fire
 59317 | Zot:1    | Reached skill level 15 in Throwing
 59318 | Zot:1    | Gained mutation: You are dopey. (Int -2) [an orb of fire]
 59319 | Zot:1    | HP: 60/339 [poisoned by a green draconian (blast of
                  | poison)]
 59321 | Zot:1    | Gained mutation: You are partially covered in iridescent
                  | scales. (AC +2) [an orb of fire]
 59322 | Zot:1    | HP: 23/226 [orb of fire/fireball (12)]
 59323 | Zot:1    | 59323 ||| Stepping ~*~*~tactically~*~*~ (hiding).
 59323 | Zot:1    | Gained mutation: You are very dopey. (Int -4) [an orb of
                  | fire]
 59324 | Zot:1    | 59324 ||| READING 10 scrolls of teleportation.
 59324 | Zot:1    | Killed from afar by a red draconian scorcher

Levels and vault maps discovered:
D:1:      minmay_arrival_diagonal_passages, layout_loops_corners
D:2:      layout_loops_ring, dreamdust_ecumenical_altar_sealed_demon,
          minmay_tree_intersection, chequers_serial_rivers_micro_e, uniq_terence
D:3:      layout_rooms, mainiacjoe_overflow_surrounded_room,
          nicolae_vehumet_altar_sigil,
          chequers_temple_overflow_statue_of_worship,
          biasface_ghost_orc_armoury, uniq_robin
D:4:      layout_basic, nicolae_elyvilon_temple_path,
          mainiacjoe_overflow_tiny_flanked, gup_ossuary_entry_pyramid
D:5:      layout_loops_corners, nicolae_gozag_zags_fifth_avenue
D:6:      layout_cave_pools, serial_co_window_serial, co_window_paths_a,
          co_window_of_opportunity_a, co_window_paths_a, co_window_corner_a,
          co_window_of_opportunity_a, co_window_cross_4, co_window_broadway_c,
          co_window_corner_cb, co_window_4corner_a, glass_columns_b,
          glass_columns_c, glass_columns_b, glass_columns_a, glass_columns_c
D:7:      minmay_chambers_of_fours, layout_basic, kennysheep_okawaru_gauntlet,
          minmay_temple_entry_waves
D:8:      layout_loops_corners
D:9:      layout_irregular_city, david_orc_3
D:10:     gammafunk_mikee_crab_dinner, layout_long_grid,
          mainiacjoe_overflow_paths, eino_jars
D:11:     layout_loops_ring, lair_entry_dummy
D:12:     layout_rooms, mrwooster_statue_mirror
D:13:     layout_stronghold, david_vaults_3, uniq_snorg
D:14:     layout_loops_ring, gauntlet_entry_generic, uniq_louise
D:15:     gammafunk_enter_depths_forms, layout_loops_ring,
          einodemon_armed_red_devil_minivault
Lair:1:   wander_river, layout_long_grid
Lair:2:   layout_cave_pods, minivault_27, dreamdust_mushroom_princess,
          dreamdust_wasp_nest, serial_bayou_shore_a, infiniplex_staircase_pool,
          uniq_urug
Lair:3:   layout_long_grid, elwin_shoals_entry_rocks,
          spider_nest_entry_web_field, portal_ice_cave_entry_ice_simulacra,
          nicolae_volcano_entry_lava_flow, lemuel_fruit_fields
Lair:4:   layout_hall_layers, nicolae_slime_entry_slimehenge, roderic_batcave,
          lemuel_fruit_tree
Lair:5:   hangedman_lair_in_review, layout_gridlike, gammafunk_ghost_split,
          uniq_kirke
Shoals:1: layout_shoals, serial_shops, nicolae_shop_bloodbath_and_beyond,
          lemuel_altar_in_water, uniq_nikola
Shoals:2: layout_shoals, ebering_ghost_rock_garden
Shoals:3: layout_shoals, serial_shops, shop, nicolae_lakefront_shop, shop,
          nicolae_shop_overgrown_old_shop, nicolae_diamond_shop
Shoals:4: shoals_end_hellmonk_storm_palace [storm_palace_center_square,
          storm_palace_corner_blocked, storm_palace_corner_grid,
          storm_palace_corner_pillars, storm_palace_corner_grid]
Spider:1: gammafunk_boulding_lane, uniq_azrael
Spider:2: layout_spider_delve
Spider:3: layout_cave_pods, drop_trap, uniq_aizul
Spider:4: hellmonk_spider_rune_endless_swarm, spiders_nest_spider_trap,
          uniq_donald, uniq_arachne
Orc:1:    layout_caves, mines_bat_river, uniq_josephine
Orc:2:    kennysheep_orc_mage_school, layout_diamond_mine,
          nicolae_orc_pool_cavern, uniq_jorgrun
Vaults:1: hangedman_vaults_capsules, ontoclasm_vaults_ring_square, v_misc_28,
          ontoclasm_vaults_gallery, nicolae_vaults_little_squares_1,
          ontoclasm_vaults_eye, ontoclasm_vaults_chip, serial_ice_m,
          layout_vaults_quadrants
Vaults:2: nicolae_vaults_branching_niches, nicolae_vaults_network_s,
          nicolae_vaults_little_squares_1, vaults_room_fours,
          ontoclasm_vaults_loading_screen, vaults_room_pools, vaults_room_boxed,
          vaults_dpeg_encased_lava, nicolae_vaults_yaktaur_gun_rack,
          nicolae_vaults_mini_display_case, ontoclasm_vaults_loading_screen,
          layout_vaults_chaotic_city
Vaults:3: v_misc_10, vaults_mumra_lcd, nicolae_vaults_triangles,
          vaults_dpeg_diagonal, grunt_vaults_bifocal,
          hangedman_vaults_river_flow, minmay_crypt_entry_necro_gods,
          v_alt_pattern_2, vaults_dpeg_doors, grunt_vaults_hallway_short,
          nicolae_vaults_network_periphery, vaults_room_fours,
          layout_vaults_maze_snakey, serial_shops, shop
Vaults:4: advil_vaults_ghost_guards, v_misc_16, nicolae_vaults_network_square,
          hangedman_vaults_hat, hangedman_vaults_corner,
          hangedman_vaults_stream, ontoclasm_vaults_ring_small,
          vaults_mumra_hexcomb, nicolae_vaults_alarming, vaults_room_hallway,
          vaults_room_guarded_vault, vaults_dpeg_ring, serial_ice_h,
          layout_vaults_ring, serial_shops, shop
Vaults:5
Depths:1: minmay_thick_lines, layout_honeycomb, serial_shops,
          nicolae_shop_overgrown_old_shop, minmay_misc_feat_tiny,
          grunt_metal_band, abyss_entry_small_statue_room,
          nicolae_ashenzari_skybound, minmay_shop_grove
Depths:2: minmay_the_grid_four_pointed_star_mashed
          [minmay_the_grid_triangle_9x9_tough_junction,
          minmay_the_grid_triangle_9x9_sparse_checkered,
          minmay_the_grid_triangle_9x9_descending_squares,
          minmay_the_grid_triangle_9x9_windchime,
          minmay_the_grid_prize_big_room], layout_basic, enter_ziggurat_a,
          pf_hell_entry_tar_spiral, grunt_pan_entry_in_and_out
Depths:3: evilmike_horseshoe, layout_basic, minmay_misc_feat_more_columns,
          hell_entry, abyss_entry, grunt_megastairs_2,
          infiniplex_staircase_spiral_double, uniq_mennas
Depths:4: evilmike_zot_entry_basic, layout_basic, hangedman_coc_ice_floe,
          rand_demon_pan_entry_5
Zot:1:    circus_mu, layout_cathedral_of_symmetry

Skill      XL: |  1  2  3  4  5  6  7  8  9 10 11 12 13 14 15 16 17 18 19 20 21 22 |
---------------+-------------------------------------------------------------------+-----
Axes           | 4 5 6 7 9 10 12 13 16 18 19 | 19.0
Fighting       | 4 5 6 8 9 12 15 16 17 18 20 21 22 23 25 | 25.0
Armour         | 3 4 5 7 8 10 13 14 15 17 18 19 22 23 | 23.1
Throwing       | 2 3 4 5 6 8 9 13 14 15 | 15.1
Dodging        | 3 4 6 8 9 10 11 12 | 12.1
Shields        | 13 18 19 20 21 22 | 22.4

Action                   |  1- 3 |  4- 6 |  7- 9 | 10-12 | 13-15 | 16-18 | 19-21 | 22-24 || total
-------------------------+-------+-------+-------+-------+-------+-------+-------+-------++-------
Melee: Hand axe          |    62 |   228 |    82 |       |       |       |       |       ||   372
       Headbutt          |    11 |    35 |    34 |    68 |   237 |   298 |   307 |    50 ||  1040
       Punch             |       |     5 |     4 |     8 |     2 |       |       |       ||    19
       War axe           |       |       |   131 |   345 |    16 |       |       |       ||   492
       Broad axe         |       |       |       |       |   960 |  1193 |  1174 |   148 ||  3475
Throw: Boomerang         |       |       |    17 |    66 |   114 |   132 |    29 |     4 ||   362
       Javelin           |       |       |    38 |    32 |    88 |    55 |    79 |    18 ||   310
Invok: Berserk           |     1 |     4 |     9 |    23 |    33 |    27 |    33 |     7 ||   137
       Brothers in Arms  |       |       |       |       |    12 |     9 |    19 |     1 ||    41
       Trog's Hand       |       |       |       |       |    10 |    20 |    15 |     4 ||    49
  Use: Scroll            |     6 |     9 |    10 |     8 |     8 |     5 |     1 |     5 ||    52
       Potion            |     1 |     4 |       |     2 |     4 |     5 |       |       ||    16
 Stab: Distracted        |       |       |       |       |       |       |     1 |       ||     1
Armor: Animal skin       |     1 |       |       |       |       |       |       |       ||     1
       Scale mail        |       |    17 |       |       |       |       |       |       ||    17
       Leather armour    |       |     7 |       |       |       |       |       |       ||     7
       Plate armour      |       |    23 |   104 |   157 |   504 |   349 |   444 |    45 ||  1626
Dodge: Dodged            |    33 |    58 |    62 |    64 |   233 |   146 |   233 |    29 ||   858
Block: Kite shield       |       |       |       |       |   164 |       |       |       ||   164
       Tower shield      |       |       |       |       |   388 |  1117 |  1168 |   126 ||  2799
       Reflection        |       |       |       |       |    17 |    96 |    30 |     4 ||   147

Table legend:
 A = Non-vault XP
 B = Vault XP
 C = Vault XP percentage of total XP
 D = Non-vault monster count
 E = Vault monster count
 F = Vault count percentage of total count
                 A         B        C        D         E       F
            +---------+---------+-------+---------+---------+-------
      Total |  442144 |  329521 |  42.7 |     990 |     558 |  36.0
            +---------+---------+-------+---------+---------+-------
        D:1 |      47 |       0 |   0.0 |      26 |       0 |   0.0
        D:2 |      54 |      36 |  40.0 |      18 |       1 |   5.3
        D:3 |      50 |      35 |  41.2 |       8 |      12 |  60.0
        D:4 |     132 |      18 |  12.0 |      12 |       1 |   7.7
        D:5 |     822 |       0 |   0.0 |      28 |       0 |   0.0
        D:6 |     183 |       0 |   0.0 |       4 |       0 |   0.0
        D:7 |    1200 |     933 |  43.7 |      14 |       6 |  30.0
        D:8 |    1820 |       0 |   0.0 |      28 |       0 |   0.0
        D:9 |    3068 |     328 |   9.7 |      19 |      10 |  34.5
       D:10 |    3862 |     319 |   7.6 |      15 |       5 |  25.0
       D:11 |    4133 |       0 |   0.0 |      23 |       0 |   0.0
       D:12 |    1878 |       0 |   0.0 |      17 |       0 |   0.0
       D:13 |   13382 |    8386 |  38.5 |      23 |      21 |  47.7
       D:14 |   10999 |    1151 |   9.5 |      21 |       1 |   4.5
       D:15 |    8246 |    6827 |  45.3 |      15 |      12 |  44.4
     Lair:1 |    3331 |       0 |   0.0 |      10 |       0 |   0.0
     Lair:2 |    4961 |    1710 |  25.6 |      18 |       6 |  25.0
     Lair:3 |    8213 |     256 |   3.0 |      23 |       4 |  14.8
     Lair:4 |    5989 |     198 |   3.2 |      19 |      14 |  42.4
     Lair:5 |    9699 |   11848 |  55.0 |      29 |      26 |  47.3
   Shoals:1 |    7854 |    2035 |  20.6 |      17 |       1 |   5.6
   Shoals:2 |    6631 |       0 |   0.0 |      13 |       0 |   0.0
   Shoals:3 |   13463 |       0 |   0.0 |      26 |       0 |   0.0
   Shoals:4 |   16259 |   24424 |  60.0 |      29 |      57 |  66.3
   Spider:1 |   17307 |    1582 |   8.4 |      45 |       5 |  10.0
   Spider:2 |   13150 |       0 |   0.0 |      32 |       0 |   0.0
   Spider:3 |   22104 |    1191 |   5.1 |      53 |       1 |   1.9
   Spider:4 |   11627 |   30772 |  72.6 |      23 |      57 |  71.2
      Orc:1 |    4448 |    1531 |  25.6 |      31 |       9 |  22.5
      Orc:2 |    4269 |    9075 |  68.0 |      35 |      35 |  50.0
   Vaults:1 |   19262 |   14618 |  43.1 |      41 |      21 |  33.9
   Vaults:2 |   17988 |   21801 |  54.8 |      27 |      28 |  50.9
   Vaults:3 |   20023 |   11313 |  36.1 |      32 |      18 |  36.0
   Vaults:4 |   42962 |   48782 |  53.2 |      55 |      56 |  50.5
   Vaults:5 |    6724 |   72672 |  91.5 |      13 |      58 |  81.7
   Depths:1 |   32628 |    9573 |  22.7 |      38 |      12 |  24.0
   Depths:2 |   31520 |    5215 |  14.2 |      37 |      12 |  24.5
   Depths:3 |   11655 |   30439 |  72.3 |      14 |      24 |  63.2
   Depths:4 |   44182 |   12202 |  21.6 |      47 |      13 |  21.7
      Zot:1 |   15487 |       0 |   0.0 |      11 |       0 |   0.0
    Abyss:2 |     532 |       0 |   0.0 |       1 |       0 |   0.0
    Ossuary |       0 |     251 | 100.0 |       0 |      32 | 100.0
            +---------+---------+-------+---------+---------+-------
